 Dungeon Crawl Stone Soup version 0.31-a0-263-ge8cad7f256 (webtiles) character file.

Game seed: 7361724855356451380

482498 qw the Conqueror (level 23, -8/240 HPs)
             Began as a Minotaur Hexslinger on July 13, 2023.
             Was a High Priest of Okawaru.
             Mangled by an ice devil (17 damage)
             ... summoned by an obsidian statue
             ... on level 3 of the Realm of Zot.
             The game lasted 00:27:56 (44688 turns).

qw the Conqueror (Minotaur Hexslinger)             Turns: 44688, Time: 00:27:56

Health: -8/240     AC: 22    Str: 19    XL:     23   Next: 44%
Magic:  31/33      EV: 53    Int: 12    God:    Okawaru [*****.]
Gold:   6091       SH:  0    Dex: 31    Spells: 23/24 levels left

rFire   + . .        j - +8 longbow "Zephyr" {speed, Dex+3 SInv}
rCold   . . .        (shield currently unavailable)
rNeg    . . .        C - +3 leather armour {rF+}
rPois   .            r - +2 hat
rElec   .            b - +0 cloak of the Ego {Fly Int+3 Dex+3}
rCorr   .            t - +2 pair of gloves
SInv    +            h - +2 pair of boots
Will    +....        s - amulet of faith
Stlth   +++++        w - ring of Wimipesh {Int-4 Dex+6 SInv Stlth+}
HPRegen 0.60/turn    x - ring of the Hare {EV+10}
MPRegen 0.23/turn

%: faith
@: about to teleport, heroic, on berserk cooldown, flying, mesmerised, slowed,
very slow
A: horns 2, retaliatory headbutt, hooves 1, clever 1, strong 1
}: 3/15 runes: decaying, silver, gossamer
a: Renounce Religion, Heroism, Finesse, Duel


You were on level 3 of the Realm of Zot.
You worshipped Okawaru.
Okawaru was extremely pleased with you.
You visited 9 branches of the dungeon, and saw 43 of its levels.
You also visited: Sewer and Ossuary.

You collected 6957 gold pieces.
You spent 866 gold pieces at shops.


Innate Abilities, Weirdness & Mutations

You have a pair of horns on your head.
You reflexively headbutt those who attack you in melee.
You have large cloven feet.
Your mind is acute. (Int +4, Str/Dex -1)
Your muscles are strong. (Str +4, Int/Dex -1)


   Skills:
 O Level 27 Fighting
 - Level 22.0(27) Ranged Weapons
 - Level 22.0(27) Armour
 - Level 22.0(27) Dodging
 - Level 1.0 Spellcasting
 - Level 2.0 Hexes
 + Level 15.1 Invocations


You had 23 spell levels left.
You knew the following spells:

 Your Spells              Type           Power      Damage    Failure   Level
a - Slow                  Hex            20%        N/A       14%         1

Your spell library contained the following spells:

 Spells                   Type           Power      Damage    Failure   Level
 Inner Flame              Hex/Fire       3%         N/A       54%         3
 Portal Projectile        Hex/Tloc       6%         N/A       54%         3
 Cause Fear               Hex            2%         N/A       80%         4

Inventory:

Hand Weapons
 j - the +8 longbow "Zephyr" (weapon) {speed, Dex+3 SInv}
   (Okawaru gifted it to you on level 3 of the Lair of Beasts)

   Dex:       It affects your dexterity (+3).
   SInv:      It lets you see invisible.
 q - the +11 longbow "Faokub" {drain, rF- rC+ Str-4 Dex+8}
   (Okawaru gifted it to you on level 2 of the Vaults)

   Str:       It affects your strength (-4).
   Dex:       It affects your dexterity (+8).
   rF:        It makes you vulnerable to fire.
   rC:        It protects you from cold.
Armour
 b - the +0 cloak of the Ego (worn) {Fly Int+3 Dex+3}
   (Okawaru gifted it to you on level 14 of the Dungeon)

   Int:       It affects your intelligence (+3).
   Dex:       It affects your dexterity (+3).
   Fly:       It grants you flight.
 h - a +2 pair of boots (worn)
 n - +4 swamp dragon scales
 r - a +2 hat (worn)
 t - a +2 pair of gloves (worn)
 y - the +1 pair of boots of Soft Rains {-Tele rPois rCorr Dex+8}
   (Okawaru gifted it to you on level 5 of the Lair of Beasts)

   Dex:       It affects your dexterity (+8).
   rPois:     It protects you from poison.
   -Tele:     It prevents most forms of teleportation.
   rCorr:     It protects you from acid and corrosion.
 C - a +3 leather armour of fire resistance (worn)
Jewellery
 k - an amulet of regeneration
 s - an amulet of faith (around neck)
 w - the ring of Wimipesh (left hand) {Int-4 Dex+6 SInv Stlth+}
   (You found it on level 10 of the Dungeon)

   [ring of dexterity]

   Int:       It affects your intelligence (-4).
   Dex:       It affects your dexterity (+6).
   SInv:      It lets you see invisible.
   Stlth:     It makes you more stealthy.
 x - the ring of the Hare (right hand) {EV+10}
   (You took it off a yaktaur captain on level 4 of the Vaults)

   [ring of evasion]

   EV:        It affects your evasion (+10).
Wands
 u - a wand of digging (10)
Scrolls
 a - 30 scrolls of identify
 d - 10 scrolls of teleportation
 l - 3 scrolls of enchant weapon
 B - 2 scrolls of brand weapon
Potions
 c - 9 potions of might
 e - 5 potions of haste
 g - 15 potions of curing
 i - 10 potions of mutation
 o - 6 potions of cancellation
 p - 5 potions of enlightenment
 v - a potion of magic

Dungeon Overview and Level Annotations

Branches:
Dungeon (15/15)            Temple (1/1) D:4            Lair (5/5) D:10
  Swamp (4/4) Lair:2       Spider (4/4) Lair:2        Slime (0/5) Lair:4
    Orc (2/2) D:10            Elf (0/3) Orc:2        Vaults (5/5) D:14
  Crypt (0/3) Vaults:3     Depths (4/4) D:15            Zot (2/5) Depths:4
  Sewer (visited)         Ossuary (visited)

Altars:
Ashenzari
Cheibriados
Dithmenos
Elyvilon
Fedhas
Gozag
Hepliaklqana
Kikubaaqudgha
Makhleb
Nemelex Xobeh
Okawaru
Qazlal
Ru
Sif Muna
Trog
Uskayaw
Vehumet
Wu Jian
Xom
Yredelemnul
Zin
The Shining One

Shops:
D:1 (   D:7 ?   Orc:2 =[:(   Vaults:4 !(   Vaults:5 *   Depths:4 (

Portals:
Hell: Depths:1 Depths:2 Depths:3 Depths:4
Abyss: Depths:3 Depths:4
Pandemonium: Depths:2
Ziggurat: Depths:4
Trove: Vaults:1 (give 20 potions of curing)

Annotations:
D:4 2 transporters, qw's ghost, amateur GrHs
D:5 2 transporters, 1 runed translucent door, Crazy Yiuf; qw's ghost, novice GrFi
Lair:1 1 runed translucent door
Lair:3 1 runed translucent door, qw's ghost, journeyman GrHs
Vaults:2 1 runed translucent door, qw's ghost, adept GrFi
Depths:4 exclusion: 4 draconian stormcallers
Zot:3 2 transporters


Message History

The bolt of fire misses you. The ice devil completely misses you.
44686 ||| Stepping ~*~*~tactically~*~*~ (outnumbered).
The ice devil attacks as you move away! The ice devil completely misses you.
The moth of wrath goads the golden dragon on!
The golden dragon goes berserk!
The obsidian statue's eyes glow briefly.
The golden dragon rages.
The green draconian completely misses you.
You furiously retaliate!
You headbutt the green draconian. The green draconian barely misses you.
The moth of wrath goads the ice devil on!
The ice devil goes berserk!
44687 ||| INVOKING Heroism.
You gain the combat prowess of a mighty hero.
The ynoxinul disappears in a puff of smoke!
The green draconian completely misses you.
You furiously retaliate!
You headbutt the green draconian! The green draconian misses you.
The obsidian statue's eyes glow briefly.
The obsidian statue attempts to bespell you!
You are mesmerised by the obsidian statue!
The purple draconian shifter completely misses you.
The green draconian hits you with a +0 mace!
The green draconian completely misses you.
The purple draconian shifter breathes dispelling energy at you.
The bolt of dispelling energy misses you.
The golden dragon completely misses you.
The golden dragon claws you but does no damage.
The golden dragon completely misses you.
You shoot an arrow.
The arrow hits the green draconian but does no damage.
The green draconian is lightly wounded.
The green draconian misses you.
The green draconian completely misses you.
The golden dragon completely misses you. x3
The purple draconian shifter completely misses you.
You furiously retaliate!
You headbutt the purple draconian shifter!
The ice devil hits you! The ice devil freezes you!
You die...

########......
#d##.......##.....
#.#8.#...#.8#.....
##.#/$.#.#...#.....
#.d#:".......#.....
..q#^$.484^..#^....
#..#|[yX...y.#.....
#.#/$.#.#qD4#.....
#...#@8#.....
...##....zd.##.....
....#########......
...................
...#######.........
.. #......... .
#####..... .....


You could see a golden dragon (berserk), a green draconian (berserk), a purple
draconian shifter, a death cob, an obsidian statue (mesmerising), 2 orange
demons, a moth of wrath and an ice devil (summoned, berserk).

Vanquished Creatures
  A dread lich (Vaults:5)
  2 ancient liches
  An orb of fire (Zot:2)
  Mara (Swamp:3)
  the Lernaean hydra (Swamp:4)
  Saint Roka (Depths:1)
  Bai Suzhen (Swamp:3)
  A caustic shrike (Depths:2)
  2 golden dragons
  2 curse toes (Zot:3)
  11 tentacled monstrosities
  Rupert (D:13)
  A walking earthen tome (Depths:3)
  5 liches
  6 titans
  Mlioglotl (Spider:2)
  A walking frostbound tome (Depths:2)
  2 quicksilver dragons
  3 death cobs
  Kirke (Swamp:1)
  Frances (D:13)
  A shadow dragon (shapeshifter) (Vaults:5)
  Aizul (Swamp:1)
  4 draconian monks
  3 sphinxes
  6 storm dragons
  3 shadow dragons
  2 tengu reavers
  2 thorn hunters (Swamp:3)
  Agnes (Spider:1)
  A fenstrider witch (Swamp:1)
  Roxanne (D:15)
  12 vault wardens
  3 iron dragons
  7 draconian knights
  16 fire giants
  5 emperor scorpions
  13 frost giants
  6 ghost moths
  4 draconian scorchers
  A juggernaut zombie (Depths:3)
  A deep elf sorcerer (Vaults:5)
  A balrug (Depths:2)
  Louise (D:15)
  3 spriggan defenders
  A curse skull (Vaults:3)
  3 draconian shifters
  2 war gargoyles
  19 ironbound preservers
  2 draconian annihilators
  A quicksilver ooze (shapeshifter) (Vaults:4)
  A formless jellyfish (Vaults:2)
  7 green draconians
  20 stone giants
  2 broodmothers
  6 vampire knights
  19 very ugly things
  An ironbound thunderhulk (Vaults:2)
  A deep elf demonologist (Vaults:4)
  2 eleionomae (Swamp:2)
  Nessos (D:15)
  3 purple draconians (Zot:1)
  8 yellow draconians
  7 white draconians
  6 bunyips
  9 dire elephants
  2 red draconians
  7 black draconians
  4 deep elf annihilators (Vaults:5)
  10 spark wasps
  3 deep elf death magi
  17 ettins
  2 crystal guardians
  Josephine (Swamp:1)
  5 entropy weavers
  An entropy weaver (shapeshifter) (Depths:2)
  A merfolk impaler (Depths:1)
  6 ice dragons
  15 yaktaur captains
  6 rakshasas
  10 fire dragons
  2 deep elf high priests (Vaults:5)
  4 ironbound frosthearts
  29 vault guards
  4 catoblepae
  4 spriggan air magi
  15 hydras
  An ice dragon (shapeshifter) (Vaults:3)
  4 great orbs of eyes
  4 ghost crabs
  8 boulder beetles
  8 centaur warriors
  A jorogumo (Spider:2)
  4 ogre magi (Vaults:5)
  Erica (Lair:1)
  3 peacekeepers
  2 dancing weapons (D:14)
  3 radroaches
  9 two-headed ogres
  8 death yaks (Lair:5)
  16 deep troll earth magi
  6 tengu warriors
  4 alligators
  11 deep troll shamans
  An alligator (shapeshifter) (Vaults:5)
  A satyr (shapeshifter) (Vaults:5)
  3 vampire magi
  5 spriggan berserkers
  3 demonic crawlers
  3 orc high priests (Orc:2)
  A hell knight (Vaults:5)
  Amaemon (Lair:2)
  11 iron trolls
  A skyshark (Lair:3)
  5 pharaoh ants
  A skyshark (shapeshifter) (Vaults:5)
  54 deep trolls
  2 sun moths
  4 spriggan druids
  2 flayed ghosts
  6 goliath frogs
  4 glowing orange brains
  A deep troll (shapeshifter) (Depths:1)
  An obsidian statue (Vaults:3)
  A swamp dragon (shapeshifter) (Vaults:5)
  7 orb spiders
  6 steelbarb worms
  A phantasmal warrior (Vaults:5)
  An orange crystal statue (Depths:2)
  7 lindwurms
  12 bog bodies
  14 swamp dragons
  8 wizards
  Pikel (D:9)
  5 harpies
  3 deep elf pyromancers
  7 necromancers
  24 wolf spiders
  19 ironbound convokers
  6 orc knights
  5 manticores
  4 cyclopes
  A manticore (shapeshifter) (Vaults:5)
  3 orc sorcerers (Orc:2)
  7 will-o-the-wisps
  14 moths of wrath
  Maurice (D:9)
  9 elephants (Lair:2)
  30 ugly things
  4 black mambas
  2 ice statues (Swamp:3)
  14 vault sentinels
  11 cane toads
  A fire giant skeleton (Depths:3)
  2 smoke demons (Depths:2)
  4 torpor snails
  A guardian serpent (shapeshifter) (D:14)
  2 gargoyles (D:14)
  An orange demon (Lair:2)
  2 kobold demonologists
  23 yaktaurs
  2 unseen horrors (Depths:2)
  3 rime drakes
  2 tengu conjurers
  3 human skeletons
  2 efreet
  4 komodo dragons
  2 freezing wraiths (Vaults:5)
  10 meliai
  4 trolls
  3 bloated husks
  A polar bear (shapeshifter) (Vaults:5)
  8 tyrant leeches
  13 hornets
  Prince Ribbit (D:5)
  2 polar bears
  Grinder (D:3)
  35 tarantellas
  10 blink frogs
  4 dream sheep (Lair:3)
  A fire giant simulacrum (Vaults:3)
  22 culicivoras
  37 jumping spiders
  Sigmund (D:2)
  20 slime creatures
  A frost giant simulacrum (Depths:3)
  2 vampires (D:9)
  14 spriggans
  3 wyverns
  2 humans (Swamp:1)
  4 wraiths
  2 basilisks
  3 water elementals
  4 hogs (Swamp:1)
  4 steam dragons
  Eustachio (D:4)
  Grum (D:9)
  73 yaks
  86 redbacks
  13 vampire mosquitoes
  An ogre zombie (Vaults:3)
  3 wargs
  16 swamp worms
  Edmund (D:6)
  3 acid dragons
  9 water moccasins
  An ogre skeleton (Vaults:1)
  A floating eye (Depths:2)
  24 orc warriors
  9 swamp drakes
  3 black bears
  3 sky beasts (D:7)
  A black bear (shapeshifter) (D:13)
  4 ice beasts (D:10)
  6 boggarts
  10 wolves
  7 centaurs
  7 ogres
  4 lemures (D:9)
  5 kobold brigands
  14 bullfrogs
  2 gnoll sergeants
  5 scorpions
  A scorpion (shapeshifter) (Vaults:5)
  16 wights
  5 killer bees (D:10)
  5 electric eels
  3 howler monkeys
  A human simulacrum (Vaults:1)
  4 hounds
  A quasit (D:6)
  18 orc priests
  2 jellies
  4 gnoll boudas
  2 iguanas (D:5)
  Terence (D:2)
  2 sleepcaps
  7 hell rats
  20 orc wizards
  13 mummies (Ossuary)
  26 gnolls
  16 adders
  A river rat (D:5)
  2 shadow imps (D:6)
  10 white imps
  4 ufetubi
  3 worms (D:2)
  73 orcs
  15 ball pythons
  9 bats
  13 endoplasms
  12 giant cockroaches
  9 goblins
  7 hobgoblins
  6 jackals
  10 quokkas
  8 frilled lizards
  A gnoll skeleton (Ossuary)
  4 goblin skeletons (Ossuary)
  14 kobolds
  2 kobold skeletons (Ossuary)
  An orc skeleton (Ossuary)
  4 rats
  11 rat skeletons (Ossuary)
  2 rat zombies (D:4)
1790 creatures vanquished.

Vanquished Creatures (others)
  Nikola (Depths:1)
  A purple draconian (Zot:1)
  A hydra (Swamp:4)
  A spriggan (Swamp:2)
  A swamp drake (Swamp:2)
  An adder (D:6)
  9 foxfires
15 creatures vanquished.

Grand Total: 1805 creatures vanquished

Notes
Turn   | Place    | Note
-------+----------+-------------------------------------------
     0 | D:1      | qw the Minotaur Hexslinger began the quest for the Orb.
     0 | D:1      | Reached XP level 1. HP: 16/16 MP: 1/1
     0 | D:1      | 0 ||| qw: Version: 0.3-a-52-g30416fa
     0 | D:1      | 0 ||| qw: Game counter: 7233
     0 | D:1      | 0 ||| qw: Melee chars always use a shield: true
     0 | D:1      | 0 ||| qw: God list: Okawaru
     0 | D:1      | 0 ||| qw: Allow faded altars: false
     0 | D:1      | 0 ||| qw: Do Orc after clearing Dungeon:15 true
     0 | D:1      | 0 ||| qw: Do second Lair branch before Depths: true
     0 | D:1      | 0 ||| qw: Lair rune preference: random
     0 | D:1      | 0 ||| qw: Goals: Normal
     0 | D:1      | 0 ||| PLANNING D:1-11
    57 | D:1      | Found Henugi Zynn's Antique Weapon Emporium.
   200 | D:1      | Reached skill level 3 in Ranged Weapons
   212 | D:1      | Reached XP level 2. HP: 22/23 MP: 2/2
   314 | D:1      | Reached skill level 2 in Fighting
   586 | D:1      | Reached XP level 3. HP: 20/29 MP: 3/3
   643 | D:1      | 643 ||| UPGRADING to +0 ring mail.
   653 | D:1      | 653 ||| DROPPING +0 robe.
   654 | D:1      | 654 ||| READING scroll labelled HAOSIZX AQESU.
   655 | D:1      | 655 ||| READING scroll labelled WEJES QECIOQO.
   656 | D:1      | 656 ||| READING scroll labelled BAMMEOTIWK.
   710 | D:1      | 710 ||| DROPPING scroll of poison.
   924 | D:2      | Found a faded altar of an unknown god.
   952 | D:2      | Noticed Terence
   966 | D:2      | Killed Terence
   967 | D:2      | Reached XP level 4. HP: 17/36 MP: 4/4
  1716 | D:2      | Noticed Sigmund
  1726 | D:2      | Killed Sigmund
  1727 | D:2      | Reached skill level 6 in Ranged Weapons
  1727 | D:2      | Reached XP level 5. HP: 22/41 MP: 5/5
  1727 | D:2      | Reached XP level 6. HP: 26/48 MP: 6/6
  1891 | D:2      | 1891 ||| UPGRADING to +1 ring mail of fire resistance.
  1901 | D:2      | 1901 ||| DROPPING +0 ring mail.
  1902 | D:2      | 1902 ||| UPGRADING to amulet of regeneration.
  1907 | D:2      | 1907 ||| READING scroll labelled WUASTR TIQY NUU.
  1907 | D:2      | Identified a scroll of acquirement
  1907 | D:2      | 1907 ||| ACQUIRING +1 triple crossbow of electrocution
  1907 | D:2      | Acquired a +1 triple crossbow of electrocution
  1909 | D:2      | 1909 ||| SWAPPING to +1 triple crossbow of electrocution.
  1910 | D:2      | 1910 ||| DROPPING +2 sling.
  1911 | D:2      | 1911 ||| READING 2 scrolls labelled GAHEBIT KEVAS.
  1912 | D:2      | 1912 ||| READING scroll labelled DICVELIPLA.
  1975 | D:3      | Identified the amulet of Tomorrow {Acrobat Str+2}
  2084 | D:3      | 2084 ||| READING scroll of enchant weapon.
  2084 | D:3      | 2084 ||| ENCHANTING +1 triple crossbow of electrocution.
  2448 | D:3      | Noticed Grinder
  2450 | D:3      | Killed Grinder
  2451 | D:3      | Reached skill level 5 in Fighting
  2498 | D:3      | 2498 ||| DROPPING amulet of Tomorrow {Acrobat Str+2}.
  2499 | D:3      | 2499 ||| UPGRADING to ring of willpower.
  2500 | D:3      | 2500 ||| UPGRADING to +6 ring of dexterity.
  2501 | D:3      | 2501 ||| DRINKING 2 white potions.
  2502 | D:3      | 2502 ||| READING 2 scrolls of identify.
  2502 | D:3      | 2502 ||| IDENTIFYING blue potion
  2522 | D:4      | 2522 ||| PLANNING OSSUARY
  2540 | D:4      | Found a staircase to the Ecumenical Temple.
  2667 | D:4      | Reached XP level 7. HP: 54/61 MP: 7/7
  2710 | D:4      | Found a sand-covered staircase.
  2723 | Ossuary  | Entered an ossuary
  2809 | Ossuary  | Reached skill level 3 in Dodging
  2844 | Ossuary  | 2844 ||| READING scroll of enchant weapon.
  2844 | Ossuary  | 2844 ||| ENCHANTING +2 triple crossbow of electrocution.
  2899 | Ossuary  | 2899 ||| READING scroll of enchant weapon.
  2899 | Ossuary  | 2899 ||| ENCHANTING +3 triple crossbow of electrocution.
  2998 | Ossuary  | 2998 ||| READING 2 scrolls labelled UDUTYR YQAADIUDO.
  2999 | Ossuary  | 2999 ||| READING scroll labelled USHEFO POTZATY.
  3000 | Ossuary  | 3000 ||| DRINKING 2 pink potions.
  3001 | Ossuary  | 3001 ||| DRINKING 3 fuming clear potions.
  3002 | Ossuary  | 3002 ||| DRINKING 2 smoky coppery potions.
  3002 | Ossuary  | Gained mutation: You have large cloven feet. [potion of
                  | mutation]
  3002 | Ossuary  | Gained mutation: Your muscles are strong. (Str +4, Int/Dex
                  | -1) [potion of mutation]
  3002 | Ossuary  | Gained mutation: Your mind is acute. (Int +4, Str/Dex -1)
                  | [potion of mutation]
  3003 | Ossuary  | 3003 ||| DRINKING 2 sedimented orange potions.
  3004 | Ossuary  | 3004 ||| READING 4 scrolls of identify.
  3004 | Ossuary  | 3004 ||| IDENTIFYING bubbling black potion
  3005 | Ossuary  | 3005 ||| READING 3 scrolls of identify.
  3005 | Ossuary  | 3005 ||| IDENTIFYING lumpy green potion
  3006 | Ossuary  | 3006 ||| READING 2 scrolls of identify.
  3006 | Ossuary  | 3006 ||| IDENTIFYING viscous dark potion
  3007 | Ossuary  | 3007 ||| DROPPING scroll of blinking.
  3008 | Ossuary  | 3008 ||| DROPPING potion of lignification.
  3009 | Ossuary  | 3009 ||| DROPPING potion of degeneration.
  3021 | D:4      | 3021 ||| PLANNING TEMPLE
  3039 | Temple   | Entered the Ecumenical Temple
  3090 | Temple   | 3090 ||| PLANNING D:1-11
  3213 | D:4      | Found a glowing silver altar of Zin.
  3239 | D:4      | Found a transporter.
  3241 | D:4      | Found a transporter.
  3241 | D:4      | Noticed qw's ghost (amateur GrHs)
  3342 | D:4      | 3342 ||| Stepping ~*~*~tactically~*~*~ (outnumbered).
  3344 | D:4      | 3344 ||| Stepping ~*~*~tactically~*~*~ (outnumbered).
  3417 | D:4      | Noticed Eustachio
  3450 | D:4      | Killed Eustachio
  3451 | D:4      | Reached skill level 9 in Ranged Weapons
  3451 | D:4      | Reached XP level 8. HP: 67/68 MP: 8/8
  3469 | D:4      | Found a hazy altar of Hepliaklqana.
  3673 | D:4      | 3673 ||| UPGRADING to +0 pair of boots.
  3678 | D:4      | 3678 ||| READING 2 scrolls of identify.
  3678 | D:4      | 3678 ||| IDENTIFYING fuming brown potion
  3679 | D:4      | 3679 ||| DROPPING potion of brilliance.
  3698 | D:5      | Entered Level 5 of the Dungeon
  3699 | D:5      | 3699 ||| PLANNING SEWER
  3719 | D:5      | Reached skill level 6 in Fighting
  3722 | D:5      | Found a glowing drain.
  3729 | D:5      | 3729 ||| Stepping ~*~*~tactically~*~*~ (water).
  3744 | D:5      | 3744 ||| Stepping ~*~*~tactically~*~*~ (water).
  3749 | Sewer    | Entered a sewer
  3760 | Sewer    | 3760 ||| Stepping ~*~*~tactically~*~*~ (water).
  3773 | Sewer    | 3773 ||| Stepping ~*~*~tactically~*~*~ (water).
  4171 | D:5      | 4171 ||| PLANNING D:1-11
  4270 | D:5      | Found a transporter.
  4270 | D:5      | Found a transporter.
  4318 | D:5      | Found an iron altar of Okawaru.
  4319 | D:5      | 4319 ||| PLANNING OKAWARU WORSHIP
  4326 | D:5      | Became a worshipper of Warmaster Okawaru
  4327 | D:5      | 4327 ||| PLANNING D:1-11
  4351 | D:5      | Reached skill level 7 in Fighting
  4373 | D:5      | Found a bloodstained altar of Trog.
  4386 | D:5      | Noticed Prince Ribbit
  4390 | D:5      | Killed Prince Ribbit
  4443 | D:5      | Reached * piety under Okawaru
  4491 | D:5      | Found a runed translucent door.
  4492 | D:5      | Noticed Crazy Yiuf
  4541 | D:5      | Noticed qw's ghost (novice GrFi)
  4562 | D:5      | Identified the +4 ring mail of Dauhet {rC+ Str+3 Int+6
                  | Dex-2}
  4562 | D:5      | Identified the +1 kite shield of the Armadillo {Harm rF+}
  4695 | D:5      | Reached XP level 9. HP: 79/79 MP: 9/9
  4756 | D:5      | 4756 ||| READING 3 scrolls labelled CAMAPS SASSAU.
  4757 | D:5      | 4757 ||| READING 2 scrolls of enchant armour.
  4757 | D:5      | 4757 ||| ENCHANTING +0 pair of boots.
  4758 | D:5      | 4758 ||| READING scroll of enchant armour.
  4758 | D:5      | 4758 ||| ENCHANTING +1 pair of boots.
  4818 | D:6      | Noticed Edmund
  4819 | D:6      | 4819 ||| INVOKING Heroism.
  4820 | D:6      | Killed Edmund
  4821 | D:6      | Reached skill level 1 in Invocations
  4851 | D:6      | Found a stormy altar of Qazlal.
  4906 | D:6      | 4906 ||| INVOKING Heroism.
  5088 | D:6      | Identified the +0 chain mail of Cojouw {-Tele rPois Int+3}
  5490 | D:6      | 5490 ||| INVOKING Heroism.
  5785 | D:6      | 5785 ||| READING scroll labelled BITZOB LUETHRO.
  5786 | D:6      | 5786 ||| READING scroll labelled ZAYMIPH WYFUPS.
  5883 | D:7      | Reached skill level 3 in Armour
  5971 | D:7      | 5971 ||| Stepping randomly (disturbance).
  5972 | D:7      | 5972 ||| Stepping randomly (disturbance).
  5975 | D:7      | 5975 ||| FLEEEEING.
  5985 | D:7      | Reached skill level 3 in Invocations
  5999 | D:7      | 5999 ||| INVOKING Heroism.
  6018 | D:7      | 6018 ||| INVOKING Heroism.
  6089 | D:7      | Found a shimmering blue altar of Sif Muna.
  6316 | D:7      | Found Ubraheiz's Magic Scroll Shoppe.
  6320 | D:7      | 6320 ||| BUYING scroll of enchant armour (120 gold).
  6320 | D:7      | Bought a scroll of enchant armour for 120 gold pieces
  6320 | D:7      | 6320 ||| BUYING scroll of identify (32 gold).
  6320 | D:7      | Bought a scroll of identify for 32 gold pieces
  6320 | D:7      | 6320 ||| BUYING scroll of identify (32 gold).
  6320 | D:7      | Bought a scroll of identify for 32 gold pieces
  6320 | D:7      | 6320 ||| SHOPLISTING scroll of teleportation (48 gold, have
                  | 29).
  6384 | D:7      | 6384 ||| INVOKING Heroism.
  6506 | D:7      | Reached skill level 12 in Ranged Weapons
  6581 | D:7      | 6581 ||| INVOKING Heroism.
  6601 | D:7      | 6601 ||| READING scroll of enchant weapon.
  6601 | D:7      | 6601 ||| ENCHANTING +4 triple crossbow of electrocution.
  6614 | D:7      | 6614 ||| DRINKING 2 puce potions.
  6654 | D:8      | Reached skill level 8 in Fighting
  6654 | D:8      | Reached XP level 10. HP: 81/88 MP: 12/12
  6655 | D:8      | 6655 ||| STAIRDANCE
  6657 | D:7      | 6657 ||| INVOKING Heroism.
  6660 | D:7      | HP: 22/88 [yak (9)]
  6661 | D:7      | 6661 ||| READING 6 scrolls of teleportation.
  6662 | D:7      | 6662 ||| DRINKING 2 potions of heal wounds.
  6724 | D:8      | 6724 ||| INVOKING Heroism.
  6735 | D:8      | Reached skill level 6 in Dodging
  6763 | D:8      | 6763 ||| Stepping ~*~*~tactically~*~*~ (outnumbered).
  6889 | D:8      | 6889 ||| INVOKING Heroism.
  6902 | D:8      | Found a shadowy altar of Dithmenos.
  7050 | D:8      | Reached ** piety under Okawaru
  7051 | D:8      | 7051 ||| INVOKING Heroism.
  7118 | D:8      | Reached skill level 9 in Fighting
  7411 | D:8      | 7411 ||| UPGRADING to +0 pair of gloves.
  7416 | D:8      | 7416 ||| READING 2 scrolls of enchant armour.
  7416 | D:8      | 7416 ||| ENCHANTING +0 pair of gloves.
  7417 | D:8      | 7417 ||| READING scroll of enchant armour.
  7417 | D:8      | 7417 ||| ENCHANTING +1 pair of gloves.
  7418 | D:8      | 7418 ||| READING scroll labelled BEKHIKL GEMEKK.
  7419 | D:8      | 7419 ||| READING scroll labelled XEEJUA SAUT.
  7420 | D:8      | 7420 ||| READING 11 scrolls of identify.
  7420 | D:8      | 7420 ||| IDENTIFYING viscous sapphire potion
  7421 | D:8      | 7421 ||| DROPPING potion of ambrosia.
  7479 | D:9      | 7479 ||| Stepping ~*~*~tactically~*~*~ (outnumbered).
  7482 | D:9      | 7482 ||| Stepping ~*~*~tactically~*~*~ (outnumbered).
  7523 | D:9      | You fall into a shaft and drop 3 floors!
  7530 | D:12     | 7530 ||| INVOKING Heroism.
  7621 | D:12     | Noticed a cyclops
  7622 | D:12     | 7622 ||| INVOKING Heroism.
  7624 | D:12     | Killed a cyclops
  7626 | D:12     | Reached *** piety under Okawaru
  7653 | D:12     | Reached XP level 11. HP: 89/97 MP: 13/13
  7718 | D:12     | 7718 ||| INVOKING Heroism.
  7748 | D:12     | 7748 ||| READING scroll labelled ZEOTE XIUXI.
  7749 | D:12     | 7749 ||| READING scroll labelled JUXOICR SADGH.
  7758 | D:11     | Noticed a two-headed ogre
  7759 | D:11     | 7759 ||| INVOKING Heroism.
  7763 | D:11     | Killed a two-headed ogre
  7764 | D:11     | Reached skill level 10 in Fighting
  7779 | D:11     | 7779 ||| Stepping ~*~*~tactically~*~*~ (water).
  8045 | D:11     | 8045 ||| INVOKING Heroism.
  8069 | D:11     | 8069 ||| UPGRADING to +2 hat.
  8082 | D:10     | Entered Level 10 of the Dungeon
  8084 | D:10     | 8084 ||| INVOKING Heroism.
  8085 | D:10     | 8085 ||| Stepping ~*~*~tactically~*~*~ (outnumbered).
  8118 | D:10     | Reached **** piety under Okawaru
  8124 | D:10     | 8124 ||| INVOKING Heroism.
  8132 | D:10     | Reached skill level 15 in Ranged Weapons
  8147 | D:10     | Noticed an orc knight
  8148 | D:10     | 8148 ||| INVOKING Heroism.
  8155 | D:10     | Killed an orc knight
  8168 | D:10     | Found a staircase to the Orcish Mines.
  8173 | D:10     | Noticed a two-headed ogre
  8174 | D:10     | 8174 ||| INVOKING Heroism.
  8180 | D:10     | Killed a two-headed ogre
  8200 | D:9      | Noticed Maurice
  8204 | D:9      | Killed Maurice
  8235 | D:9      | 8235 ||| INVOKING Heroism.
  8309 | D:9      | Noticed Pikel
  8310 | D:9      | Killed Pikel
  8310 | D:9      | Reached ***** piety under Okawaru
  8311 | D:9      | Reached skill level 6 in Invocations
  8477 | D:9      | Noticed Grum
  8478 | D:9      | 8478 ||| INVOKING Heroism.
  8479 | D:9      | 8479 ||| INVOKING Finesse.
  8485 | D:9      | Reached XP level 12. HP: 97/106 MP: 7/15
  8486 | D:9      | Killed Grum
  8592 | D:9      | Noticed a two-headed ogre
  8597 | D:9      | Killed a two-headed ogre
  8597 | D:9      | Received a gift from Okawaru
  8692 | D:9      | 8692 ||| UPGRADING to +0 cloak.
  8697 | D:9      | 8697 ||| DROPPING +6 ring of intelligence.
  8698 | D:9      | 8698 ||| READING 14 scrolls of identify.
  8698 | D:9      | 8698 ||| IDENTIFYING brown potion
  8699 | D:9      | 8699 ||| DROPPING potion of attraction.
  8726 | D:10     | Noticed a two-headed ogre
  8727 | D:10     | Killed a two-headed ogre
  8783 | D:10     | Found a staircase to the Lair.
  8827 | D:10     | Identified the ring of Wimipesh {Int-4 Dex+6 SInv Stlth+}
  8868 | D:10     | Reached skill level 6 in Armour
  8934 | D:10     | 8934 ||| READING scroll of enchant armour.
  8934 | D:10     | 8934 ||| ENCHANTING +0 cloak.
  9102 | D:10     | 9102 ||| PLANNING LAIR
  9102 | D:10     | 9102 ||| DROPPING ring of ice.
  9103 | D:10     | 9103 ||| UPGRADING to ring of Wimipesh {Int-4 Dex+6 SInv
                  | Stlth+}.
  9105 | D:10     | 9105 ||| DROPPING ring of willpower.
  9135 | Lair:1   | Entered Level 1 of the Lair of Beasts
  9136 | Lair:1   | Noticed Erica
  9137 | Lair:1   | 9137 ||| INVOKING Heroism.
  9138 | Lair:1   | 9138 ||| INVOKING Finesse.
  9141 | Lair:1   | Killed Erica
  9351 | Lair:1   | Identified the +0 long sword of Truth {elec, *Corrode Int+4
                  | Stlth+}
  9467 | Lair:1   | Reached skill level 9 in Dodging
  9521 | Lair:1   | Found a runed translucent door.
  9542 | Lair:1   | Reached skill level 9 in Invocations
  9910 | Lair:1   | 9910 ||| DROPPING +2 leather armour of positive energy.
  9911 | Lair:1   | 9911 ||| DROPPING ring of fire.
  9912 | Lair:1   | 9912 ||| READING 14 scrolls of identify.
  9912 | Lair:1   | 9912 ||| IDENTIFYING golden potion
  9913 | Lair:1   | 9913 ||| DROPPING potion of berserk rage.
  9935 | Lair:2   | 9935 ||| STAIRDANCE
  9939 | Lair:1   | 9939 ||| INVOKING Heroism.
 10024 | Lair:2   | Reached ****** piety under Okawaru
 10024 | Lair:2   | Received a gift from Okawaru
 10087 | Lair:2   | Reached skill level 11 in Fighting
 10118 | Lair:2   | Found a staircase to the Swamp.
 10119 | Lair:2   | 10119 ||| Stepping ~*~*~tactically~*~*~ (outnumbered).
 10121 | Lair:2   | 10121 ||| INVOKING Heroism.
 10122 | Lair:2   | 10122 ||| Stepping ~*~*~tactically~*~*~ (outnumbered).
 10183 | Lair:2   | 10183 ||| INVOKING Heroism.
 10190 | Lair:2   | Reached XP level 13. HP: 101/116 MP: 17/19
 10232 | Lair:2   | 10232 ||| INVOKING Heroism.
 10325 | Lair:2   | Noticed Amaemon
 10326 | Lair:2   | 10326 ||| INVOKING Heroism.
 10331 | Lair:2   | Killed Amaemon
 10654 | Lair:2   | 10654 ||| Stepping ~*~*~tactically~*~*~ (outnumbered).
 10656 | Lair:2   | 10656 ||| Stepping ~*~*~tactically~*~*~ (outnumbered).
 10669 | Lair:2   | Found a hole to the Spider Nest.
 10817 | Lair:2   | 10817 ||| DROPPING ring of resist corrosion.
 10818 | Lair:2   | 10818 ||| DROPPING ring of see invisible.
 10819 | Lair:2   | 10819 ||| DROPPING ring of flight.
 10850 | Lair:3   | Received a gift from Okawaru
 10850 | Lair:3   | Found the +8 longbow "Zephyr" {speed, Dex+3 SInv}
 10855 | Lair:3   | 10855 ||| SWAPPING to +8 longbow "Zephyr" {speed, Dex+3
                  | SInv}.
 10856 | Lair:3   | 10856 ||| DROPPING +5 triple crossbow of freezing.
 10868 | Lair:3   | 10868 ||| INVOKING Heroism.
 10905 | Lair:3   | 10905 ||| READING scroll of enchant armour.
 10905 | Lair:3   | 10905 ||| ENCHANTING +1 cloak.
 10919 | Lair:3   | 10919 ||| INVOKING Heroism.
 10939 | Lair:3   | 10939 ||| INVOKING Finesse.
 10986 | Lair:3   | Found a runed translucent door.
 10992 | Lair:3   | Noticed qw's ghost (journeyman GrHs)
 11058 | Lair:3   | Found a burning altar of Makhleb.
 11229 | Lair:3   | 11229 ||| INVOKING Heroism.
 11467 | Lair:4   | 11467 ||| INVOKING Heroism.
 11548 | Lair:4   | Reached skill level 18 in Ranged Weapons
 11711 | Lair:4   | 11711 ||| INVOKING Heroism.
 11803 | Lair:4   | Found a staircase to the Slime Pits.
 12062 | Lair:4   | 12062 ||| READING 18 scrolls of identify.
 12062 | Lair:4   | 12062 ||| IDENTIFYING smoky blue potion
 12063 | Lair:4   | 12063 ||| DROPPING potion of invisibility.
 12071 | Lair:5   | Entered Level 5 of the Lair of Beasts
 12105 | Lair:5   | 12105 ||| INVOKING Heroism.
 12154 | Lair:5   | Identified the +1 pair of boots of Soft Rains {-Tele rPois
                  | rCorr Dex+8} (Okawaru gifted it to you on level 5 of the
                  | Lair of Beasts)
 12154 | Lair:5   | Received a gift from Okawaru
 12155 | Lair:5   | Reached skill level 12 in Fighting
 12203 | Lair:5   | 12203 ||| INVOKING Heroism.
 12204 | Lair:5   | 12204 ||| Stepping ~*~*~tactically~*~*~ (cloud).
 12205 | Lair:5   | 12205 ||| INVOKING Finesse.
 12209 | Lair:5   | 12209 ||| Stepping ~*~*~tactically~*~*~ (cloud).
 12256 | Lair:5   | 12256 ||| INVOKING Heroism.
 12257 | Lair:5   | 12257 ||| INVOKING Finesse.
 12318 | Lair:5   | 12318 ||| INVOKING Heroism.
 12319 | Lair:5   | 12319 ||| INVOKING Finesse.
 12370 | Lair:5   | Reached XP level 14. HP: 126/126 MP: 15/20
 12420 | Lair:5   | 12420 ||| INVOKING Heroism.
 12421 | Lair:5   | 12421 ||| INVOKING Finesse.
 12486 | Lair:5   | 12486 ||| INVOKING Heroism.
 12487 | Lair:5   | 12487 ||| INVOKING Finesse.
 12543 | Lair:5   | 12543 ||| INVOKING Heroism.
 12545 | Lair:5   | 12545 ||| Stepping ~*~*~tactically~*~*~ (cloud).
 12724 | Lair:5   | 12724 ||| INVOKING Heroism.
 12798 | Lair:5   | 12798 ||| INVOKING Heroism.
 12945 | Lair:5   | Identified the +5 rapier of Olonilin {heavy, rF+ rN+ Will+
                  | Int+3}
 13180 | Lair:5   | 13180 ||| PLANNING D:1-11
 13180 | Lair:5   | 13180 ||| DROPPING ring of protection from fire.
 13181 | Lair:5   | 13181 ||| READING scroll labelled ZIJA YHIUKH.
 13339 | D:11     | 13339 ||| Stepping ~*~*~tactically~*~*~ (outnumbered).
 13341 | D:11     | 13341 ||| Stepping ~*~*~tactically~*~*~ (outnumbered).
 13343 | D:11     | 13343 ||| Stepping ~*~*~tactically~*~*~ (outnumbered).
 13748 | D:11     | 13748 ||| PLANNING D
 13984 | D:12     | 13984 ||| Stepping ~*~*~tactically~*~*~ (outnumbered).
 13986 | D:12     | 13986 ||| Stepping ~*~*~tactically~*~*~ (outnumbered).
 14361 | D:13     | Reached skill level 13 in Fighting
 14470 | D:13     | Noticed Frances
 14471 | D:13     | 14471 ||| INVOKING Heroism.
 14472 | D:13     | 14472 ||| INVOKING Finesse.
 14490 | D:13     | Killed Frances
 14579 | D:13     | 14579 ||| INVOKING Heroism.
 14584 | D:13     | 14584 ||| Stepping ~*~*~tactically~*~*~ (outnumbered).
 14593 | D:13     | Reached skill level 12 in Dodging
 14813 | D:13     | Noticed Rupert
 14814 | D:13     | 14814 ||| DRINKING 12 potions of curing.
 14814 | D:13     | 14814 ||| (to cure confusion)
 14815 | D:13     | 14815 ||| INVOKING Heroism.
 14827 | D:13     | Killed Rupert
 14867 | D:13     | Received a gift from Okawaru
 14910 | D:13     | 14910 ||| INVOKING Heroism.
 15007 | D:13     | 15007 ||| INVOKING Heroism.
 15076 | D:13     | 15076 ||| INVOKING Heroism.
 15155 | D:13     | 15155 ||| DROPPING +2 leather armour of willpower.
 15156 | D:13     | 15156 ||| DROPPING +0 steam dragon scales.
 15157 | D:13     | 15157 ||| DROPPING +0 acid dragon scales.
 15158 | D:13     | 15158 ||| DROPPING +2 robe of cold resistance.
 15159 | D:13     | 15159 ||| UPGRADING to +0 troll leather armour.
 15169 | D:13     | 15169 ||| DROPPING +1 ring mail of fire resistance.
 15170 | D:13     | 15170 ||| DROPPING +2 hat.
 15171 | D:13     | 15171 ||| UPGRADING to +3 leather armour of fire
                  | resistance.
 15208 | D:14     | 15208 ||| INVOKING Heroism.
 15257 | D:14     | Found a gate to the Vaults.
 15265 | D:14     | 15265 ||| READING scroll of acquirement.
 15265 | D:14     | 15265 ||| ACQUIRING 988 gold pieces
 15265 | D:14     | Acquired 988 gold pieces
 15345 | D:14     | 15345 ||| Stepping ~*~*~tactically~*~*~ (outnumbered).
 15353 | D:14     | Identified the +0 cloak of the Ego {Fly Int+3 Dex+3}
                  | (Okawaru gifted it to you on level 14 of the Dungeon)
 15353 | D:14     | Received a gift from Okawaru
 15365 | D:14     | Reached XP level 15. HP: 135/135 MP: 21/21
 15679 | D:14     | 15679 ||| UPGRADING to +0 cloak of the Ego {Fly Int+3
                  | Dex+3}.
 15689 | D:14     | 15689 ||| DROPPING +2 cloak.
 15729 | D:15     | Entered Level 15 of the Dungeon
 15741 | D:15     | 15741 ||| INVOKING Heroism.
 15772 | D:15     | Noticed Roxanne
 15773 | D:15     | 15773 ||| INVOKING Finesse.
 15781 | D:15     | Killed Roxanne
 15851 | D:15     | Found a staircase to the Depths.
 15852 | D:15     | 15852 ||| INVOKING Heroism.
 16016 | D:15     | Noticed Louise
 16017 | D:15     | 16017 ||| INVOKING Heroism.
 16018 | D:15     | 16018 ||| INVOKING Finesse.
 16029 | D:15     | Killed Louise
 16350 | D:15     | Noticed Nessos
 16351 | D:15     | 16351 ||| INVOKING Finesse.
 16357 | D:15     | Killed Nessos
 16358 | D:15     | Reached skill level 14 in Fighting
 16561 | D:15     | 16561 ||| PLANNING ORC
 16561 | D:15     | 16561 ||| DROPPING amulet of magic regeneration.
 16562 | D:15     | 16562 ||| DROPPING ring of positive energy.
 16725 | Orc:1    | Entered Level 1 of the Orcish Mines
 16997 | Orc:1    | 16997 ||| INVOKING Heroism.
 17137 | Orc:2    | Entered Level 2 of the Orcish Mines
 17288 | Orc:2    | Found a staircase to the Elven Halls.
 17323 | Orc:2    | 17323 ||| INVOKING Heroism.
 17466 | Orc:2    | 17466 ||| INVOKING Heroism.
 17468 | Orc:2    | 17468 ||| Stepping ~*~*~tactically~*~*~ (outnumbered).
 17471 | Orc:2    | 17471 ||| Stepping ~*~*~tactically~*~*~ (outnumbered).
 17476 | Orc:2    | 17476 ||| Stepping ~*~*~tactically~*~*~ (outnumbered).
 17508 | Orc:2    | 17508 ||| Stepping ~*~*~tactically~*~*~ (outnumbered).
 17512 | Orc:2    | 17512 ||| Stepping ~*~*~tactically~*~*~ (outnumbered).
 17528 | Orc:2    | Reached skill level 15 in Dodging
 17528 | Orc:2    | 17528 ||| Stepping ~*~*~tactically~*~*~ (outnumbered).
 17530 | Orc:2    | 17530 ||| Stepping ~*~*~tactically~*~*~ (outnumbered).
 17531 | Orc:2    | 17531 ||| INVOKING Heroism.
 17556 | Orc:2    | Found Xihaerush's Jewellery Emporium.
 17556 | Orc:2    | Found Suqits's Armour Shop.
 17558 | Orc:2    | Found Fesehako's Book Emporium.
 17558 | Orc:2    | Found Recuk's Weapon Shop.
 17922 | Orc:2    | 17922 ||| PLANNING SWAMP:1-3
 18015 | Swamp:1  | Entered Level 1 of the Swamp
 18028 | Swamp:1  | Identified the +3 arbalest of Defiance {heavy, rElec Str+4
                  | Int+3}
 18055 | Swamp:1  | 18055 ||| Stepping ~*~*~tactically~*~*~ (cloud).
 18058 | Swamp:1  | 18058 ||| FLEEEEING.
 18059 | Swamp:1  | 18059 ||| FLEEEEING.
 18060 | Swamp:1  | 18060 ||| FLEEEEING.
 18061 | Swamp:1  | 18061 ||| FLEEEEING.
 18062 | Swamp:1  | 18062 ||| FLEEEEING.
 18063 | Swamp:1  | 18063 ||| FLEEEEING.
 18064 | Swamp:1  | 18064 ||| FLEEEEING.
 18067 | Swamp:1  | 18067 ||| STAIRDANCE
 18134 | Swamp:1  | 18134 ||| INVOKING Heroism.
 18174 | Swamp:1  | Noticed a fenstrider witch
 18180 | Swamp:1  | Killed a fenstrider witch
 18181 | Swamp:1  | Reached skill level 15 in Fighting
 18205 | Swamp:1  | 18205 ||| INVOKING Heroism.
 18238 | Swamp:1  | 18238 ||| DRINKING 3 potions of resistance.
 18298 | Swamp:1  | 18298 ||| DRINKING 2 potions of resistance.
 18323 | Swamp:1  | Noticed Aizul
 18324 | Swamp:1  | 18324 ||| INVOKING Heroism.
 18325 | Swamp:1  | 18325 ||| INVOKING Finesse.
 18339 | Swamp:1  | Killed Aizul
 18339 | Swamp:1  | Identified the +3 crystal plate armour "Fokirchamp" {Contam
                  | Fly rElec SInv} (Okawaru gifted it to you on level 1 of the
                  | Swamp)
 18339 | Swamp:1  | Received a gift from Okawaru
 18386 | Swamp:1  | Noticed Kirke
 18387 | Swamp:1  | 18387 ||| INVOKING Heroism.
 18388 | Swamp:1  | 18388 ||| INVOKING Finesse.
 18399 | Swamp:1  | Killed Kirke
 18452 | Swamp:1  | Noticed Josephine
 18459 | Swamp:1  | Killed Josephine
 18460 | Swamp:1  | 18460 ||| FLEEEEING.
 18461 | Swamp:1  | 18461 ||| FLEEEEING.
 18683 | Swamp:1  | Identified the ring "Jokor" {rC+ rN+ MP+9 Int+3}
 18836 | Swamp:1  | 18836 ||| DROPPING ring "Jokor" {rC+ rN+ MP+9 Int+3}.
 18908 | Swamp:2  | 18908 ||| INVOKING Heroism.
 18917 | Swamp:2  | 18917 ||| Stepping ~*~*~tactically~*~*~ (outnumbered).
 18946 | Swamp:2  | Reached XP level 16. HP: 149/149 MP: 22/22
 19039 | Swamp:2  | 19039 ||| DRINKING potion of resistance.
 19040 | Swamp:2  | 19040 ||| INVOKING Heroism.
 19052 | Swamp:2  | 19052 ||| Stepping ~*~*~tactically~*~*~ (outnumbered).
 19056 | Swamp:2  | 19056 ||| Stepping ~*~*~tactically~*~*~ (outnumbered).
 19090 | Swamp:2  | 19090 ||| INVOKING Heroism.
 19096 | Swamp:2  | HP: 37/148 [ghost crab (3)]
 19097 | Swamp:2  | 19097 ||| READING 10 scrolls of teleportation.
 19098 | Swamp:2  | 19098 ||| DRINKING 5 potions of heal wounds.
 19101 | Swamp:2  | 19101 ||| DRINKING 4 potions of heal wounds.
 19136 | Swamp:2  | 19136 ||| Stepping ~*~*~tactically~*~*~ (cloud).
 19137 | Swamp:2  | 19137 ||| INVOKING Heroism.
 19469 | Swamp:3  | 19469 ||| Stepping ~*~*~tactically~*~*~ (cloud).
 19473 | Swamp:3  | Reached skill level 16 in Fighting
 19473 | Swamp:3  | 19473 ||| Stepping ~*~*~tactically~*~*~ (cloud).
 19499 | Swamp:3  | 19499 ||| INVOKING Heroism.
 19501 | Swamp:3  | 19501 ||| Stepping ~*~*~tactically~*~*~ (outnumbered).
 19501 | Swamp:3  | Found a frozen archway.
 19533 | Swamp:3  | Noticed a thorn hunter
 19536 | Swamp:3  | Killed a thorn hunter
 19556 | Swamp:3  | 19556 ||| INVOKING Heroism.
 19619 | Swamp:3  | 19619 ||| Stepping ~*~*~tactically~*~*~ (cloud).
 19696 | Swamp:3  | Noticed a thorn hunter
 19697 | Swamp:3  | 19697 ||| INVOKING Heroism.
 19699 | Swamp:3  | Noticed Mara
 19700 | Swamp:3  | 19700 ||| Stepping ~*~*~tactically~*~*~ (outnumbered).
 19707 | Swamp:3  | Killed a thorn hunter
 19720 | Swamp:3  | Killed Mara
 19720 | Swamp:3  | Received a gift from Okawaru
 19983 | Swamp:3  | 19983 ||| INVOKING Heroism.
 20010 | Swamp:3  | Noticed Bai Suzhen
 20027 | Swamp:3  | Killed Bai Suzhen
 20083 | Swamp:3  | 20083 ||| PLANNING SPIDER:1-3
 20083 | Swamp:3  | 20083 ||| UPGRADING to +0 swamp dragon scales.
 20093 | Swamp:3  | 20093 ||| READING 3 scrolls of enchant armour.
 20093 | Swamp:3  | 20093 ||| ENCHANTING +0 swamp dragon scales.
 20094 | Swamp:3  | 20094 ||| READING 2 scrolls of enchant armour.
 20094 | Swamp:3  | 20094 ||| ENCHANTING +1 swamp dragon scales.
 20095 | Swamp:3  | 20095 ||| READING scroll of enchant armour.
 20095 | Swamp:3  | 20095 ||| ENCHANTING +2 swamp dragon scales.
 20096 | Swamp:3  | 20096 ||| DROPPING +0 troll leather armour.
 20178 | Spider:1 | Entered Level 1 of the Spider Nest
 20256 | Spider:1 | Noticed Agnes
 20257 | Spider:1 | 20257 ||| INVOKING Heroism.
 20262 | Spider:1 | Killed Agnes
 20263 | Spider:1 | Reached skill level 9 in Armour
 20421 | Spider:1 | 20421 ||| INVOKING Finesse.
 20708 | Spider:1 | 20708 ||| INVOKING Heroism.
 20713 | Spider:1 | Reached skill level 17 in Fighting
 20844 | Spider:1 | 20844 ||| DROPPING +1 ring mail of fire resistance.
 20920 | Spider:2 | 20920 ||| INVOKING Finesse.
 20983 | Spider:2 | You are sucked into a shaft and drop 1 floor!
 20984 | Spider:3 | 20984 ||| INVOKING Heroism.
 20996 | Spider:3 | Reached skill level 12 in Armour
 21051 | Spider:3 | Reached XP level 17. HP: 161/161 MP: 23/23
 21121 | Spider:3 | 21121 ||| INVOKING Finesse.
 21221 | Spider:2 | 21221 ||| INVOKING Finesse.
 21296 | Spider:2 | 21296 ||| INVOKING Finesse.
 21380 | Spider:2 | 21380 ||| INVOKING Heroism.
 21436 | Spider:2 | Noticed Mlioglotl
 21437 | Spider:2 | 21437 ||| INVOKING Heroism.
 21438 | Spider:2 | 21438 ||| INVOKING Finesse.
 21441 | Spider:2 | Reached skill level 18 in Fighting
 21449 | Spider:2 | Killed Mlioglotl
 21711 | Spider:2 | 21711 ||| INVOKING Finesse.
 21812 | Spider:2 | 21812 ||| Stepping ~*~*~tactically~*~*~ (outnumbered).
 21868 | Spider:2 | 21868 ||| Stepping ~*~*~tactically~*~*~ (outnumbered).
 21869 | Spider:2 | 21869 ||| INVOKING Heroism.
 21871 | Spider:2 | Reached skill level 18 in Dodging
 21995 | Spider:2 | 21995 ||| INVOKING Heroism.
 22238 | Spider:3 | 22238 ||| STAIRDANCE
 22242 | Spider:3 | 22242 ||| STAIRDANCE
 22260 | Spider:3 | 22260 ||| STAIRDANCE
 22313 | Spider:3 | 22313 ||| STAIRDANCE
 22369 | Spider:3 | 22369 ||| INVOKING Finesse.
 22411 | Spider:3 | 22411 ||| INVOKING Heroism.
 22425 | Spider:3 | 22425 ||| Stepping ~*~*~tactically~*~*~ (outnumbered).
 22968 | Spider:3 | Identified the +2 pair of gloves "Jyggugh" {Int+2 Stlth+}
 22995 | Spider:3 | 22995 ||| PLANNING SWAMP:4
 22995 | Spider:3 | 22995 ||| DROPPING +2 pair of gloves "Jyggugh" {Int+2
                  | Stlth+}.
 23161 | Swamp:4  | Entered Level 4 of the Swamp
 23162 | Swamp:4  | 23162 ||| INVOKING Heroism.
 23237 | Swamp:4  | 23237 ||| INVOKING Heroism.
 23299 | Swamp:4  | Reached skill level 19 in Fighting
 23356 | Swamp:4  | 23356 ||| Stepping ~*~*~tactically~*~*~ (outnumbered).
 23369 | Swamp:4  | 23369 ||| Stepping ~*~*~tactically~*~*~ (outnumbered).
 23430 | Swamp:4  | Found the +8 arc blade {discharge, rElec}
 23482 | Swamp:4  | Noticed the 27-headed Lernaean hydra
 23491 | Swamp:4  | Killed the 27-headed Lernaean hydra
 23501 | Swamp:4  | 23501 ||| FLEEEEING.
 23502 | Swamp:4  | 23502 ||| FLEEEEING.
 23503 | Swamp:4  | 23503 ||| FLEEEEING.
 23505 | Swamp:4  | 23505 ||| FLEEEEING.
 23506 | Swamp:4  | 23506 ||| FLEEEEING.
 23537 | Swamp:4  | 23537 ||| Stepping ~*~*~tactically~*~*~ (outnumbered).
 23626 | Swamp:4  | 23626 ||| INVOKING Heroism.
 23637 | Swamp:4  | 23637 ||| Stepping ~*~*~tactically~*~*~ (cloud).
 23709 | Swamp:4  | 23709 ||| Stepping ~*~*~tactically~*~*~ (outnumbered).
 23711 | Swamp:4  | 23711 ||| Stepping ~*~*~tactically~*~*~ (outnumbered).
 23858 | Swamp:4  | Got a decaying rune of Zot
 23882 | Swamp:4  | Reached XP level 18. HP: 167/168 MP: 24/24
 23943 | Swamp:4  | 23943 ||| PLANNING VAULTS:1-4
 24143 | Vaults:1 | Entered Level 1 of the Vaults
 24170 | Vaults:1 | 24170 ||| INVOKING Heroism.
 24171 | Vaults:1 | 24171 ||| INVOKING Finesse.
 24199 | Vaults:1 | 24199 ||| DRINKING 15 potions of curing.
 24199 | Vaults:1 | 24199 ||| (to cure confusion)
 24263 | Vaults:1 | 24263 ||| INVOKING Heroism.
 24264 | Vaults:1 | 24264 ||| INVOKING Finesse.
 24471 | Vaults:1 | 24471 ||| INVOKING Heroism.
 24472 | Vaults:1 | 24472 ||| INVOKING Finesse.
 24473 | Vaults:1 | Received a gift from Okawaru
 24498 | Vaults:1 | Reached skill level 20 in Fighting
 25050 | Vaults:1 | 25050 ||| FLEEEEING.
 25052 | Vaults:1 | 25052 ||| FLEEEEING.
 25053 | Vaults:1 | 25053 ||| FLEEEEING.
 25054 | Vaults:1 | 25054 ||| FLEEEEING.
 25055 | Vaults:1 | 25055 ||| FLEEEEING.
 25056 | Vaults:1 | 25056 ||| FLEEEEING.
 25057 | Vaults:1 | 25057 ||| FLEEEEING.
 25058 | Vaults:1 | 25058 ||| FLEEEEING.
 25059 | Vaults:1 | 25059 ||| FLEEEEING.
 25060 | Vaults:1 | 25060 ||| FLEEEEING.
 25066 | Vaults:1 | 25066 ||| FLEEEEING.
 25067 | Vaults:1 | 25067 ||| FLEEEEING.
 25068 | Vaults:1 | 25068 ||| FLEEEEING.
 25069 | Vaults:1 | 25069 ||| FLEEEEING.
 25070 | Vaults:1 | 25070 ||| FLEEEEING.
 25071 | Vaults:1 | 25071 ||| FLEEEEING.
 25072 | Vaults:1 | 25072 ||| FLEEEEING.
 25073 | Vaults:1 | 25073 ||| FLEEEEING.
 25081 | Vaults:1 | 25081 ||| FLEEEEING.
 25082 | Vaults:1 | 25082 ||| FLEEEEING.
 25083 | Vaults:1 | 25083 ||| FLEEEEING.
 25084 | Vaults:1 | 25084 ||| FLEEEEING.
 25085 | Vaults:1 | 25085 ||| FLEEEEING.
 25086 | Vaults:1 | 25086 ||| FLEEEEING.
 25087 | Vaults:1 | 25087 ||| FLEEEEING.
 25088 | Vaults:1 | 25088 ||| FLEEEEING.
 25089 | Vaults:1 | 25089 ||| FLEEEEING.
 25095 | Vaults:1 | 25095 ||| FLEEEEING.
 25143 | Vaults:1 | 25143 ||| INVOKING Heroism.
 25144 | Vaults:1 | 25144 ||| INVOKING Finesse.
 25239 | Vaults:1 | Found a portal to a secret trove of treasure.
 25263 | Vaults:1 | 25263 ||| INVOKING Heroism.
 25264 | Vaults:1 | 25264 ||| INVOKING Finesse.
 25968 | Vaults:2 | Identified the +11 longbow "Faokub" {drain, rF- rC+ Str-4
                  | Dex+8} (Okawaru gifted it to you on level 2 of the Vaults)
 25968 | Vaults:2 | Received a gift from Okawaru
 25975 | Vaults:2 | 25975 ||| SWAPPING to +11 longbow "Faokub" {drain, rF- rC+
                  | Str-4 Dex+8}.
 25993 | Vaults:2 | 25993 ||| INVOKING Heroism.
 25994 | Vaults:2 | 25994 ||| INVOKING Finesse.
 26054 | Vaults:2 | 26054 ||| Stepping ~*~*~tactically~*~*~ (outnumbered).
 26147 | Vaults:2 | Reached skill level 15 in Armour
 26167 | Vaults:2 | Found a runed translucent door.
 26167 | Vaults:2 | Noticed qw's ghost (adept GrFi)
 26222 | Vaults:2 | 26222 ||| Stepping ~*~*~tactically~*~*~ (outnumbered).
 26224 | Vaults:2 | 26224 ||| Stepping ~*~*~tactically~*~*~ (outnumbered).
 26263 | Vaults:2 | 26263 ||| Stepping ~*~*~tactically~*~*~ (outnumbered).
 26288 | Vaults:2 | 26288 ||| Stepping ~*~*~tactically~*~*~ (outnumbered).
 26290 | Vaults:2 | 26290 ||| Stepping ~*~*~tactically~*~*~ (outnumbered).
 26292 | Vaults:2 | 26292 ||| Stepping ~*~*~tactically~*~*~ (outnumbered).
 26294 | Vaults:2 | 26294 ||| Stepping ~*~*~tactically~*~*~ (outnumbered).
 26298 | Vaults:2 | Identified the +6 orcbow "Qynir" {elec, rElec rPois Will++
                  | Dex-2} (Okawaru gifted it to you on level 2 of the Vaults)
 26298 | Vaults:2 | Received a gift from Okawaru
 26405 | Vaults:2 | 26405 ||| INVOKING Heroism.
 26406 | Vaults:2 | 26406 ||| INVOKING Finesse.
 26460 | Vaults:2 | 26460 ||| Stepping ~*~*~tactically~*~*~ (outnumbered).
 26465 | Vaults:2 | 26465 ||| Stepping ~*~*~tactically~*~*~ (outnumbered).
 26468 | Vaults:2 | 26468 ||| Stepping ~*~*~tactically~*~*~ (outnumbered).
 26476 | Vaults:2 | 26476 ||| INVOKING Heroism.
 26948 | Vaults:2 | 26948 ||| INVOKING Heroism.
 26949 | Vaults:2 | 26949 ||| INVOKING Finesse.
 27057 | Vaults:2 | 27057 ||| DRINKING 15 potions of curing.
 27057 | Vaults:2 | 27057 ||| (to cure confusion)
 27061 | Vaults:2 | 27061 ||| FLEEEEING.
 27062 | Vaults:2 | 27062 ||| FLEEEEING.
 27067 | Vaults:2 | 27067 ||| FLEEEEING.
 27068 | Vaults:2 | 27068 ||| FLEEEEING.
 27069 | Vaults:2 | 27069 ||| FLEEEEING.
 27070 | Vaults:2 | 27070 ||| FLEEEEING.
 27071 | Vaults:2 | 27071 ||| FLEEEEING.
 27072 | Vaults:2 | 27072 ||| FLEEEEING.
 27073 | Vaults:2 | 27073 ||| FLEEEEING.
 27074 | Vaults:2 | 27074 ||| FLEEEEING.
 27075 | Vaults:2 | 27075 ||| FLEEEEING.
 27076 | Vaults:2 | 27076 ||| FLEEEEING.
 27082 | Vaults:2 | 27082 ||| FLEEEEING.
 27083 | Vaults:2 | 27083 ||| FLEEEEING.
 27084 | Vaults:2 | 27084 ||| FLEEEEING.
 27085 | Vaults:2 | 27085 ||| FLEEEEING.
 27086 | Vaults:2 | 27086 ||| FLEEEEING.
 27087 | Vaults:2 | 27087 ||| FLEEEEING.
 27088 | Vaults:2 | 27088 ||| FLEEEEING.
 27089 | Vaults:2 | 27089 ||| FLEEEEING.
 27090 | Vaults:2 | 27090 ||| FLEEEEING.
 27091 | Vaults:2 | 27091 ||| FLEEEEING.
 27092 | Vaults:2 | 27092 ||| FLEEEEING.
 27093 | Vaults:2 | 27093 ||| FLEEEEING.
 27098 | Vaults:2 | 27098 ||| FLEEEEING.
 27099 | Vaults:2 | 27099 ||| FLEEEEING.
 27100 | Vaults:2 | 27100 ||| FLEEEEING.
 27101 | Vaults:2 | 27101 ||| FLEEEEING.
 27102 | Vaults:2 | 27102 ||| FLEEEEING.
 27103 | Vaults:2 | 27103 ||| FLEEEEING.
 27106 | Vaults:2 | 27106 ||| FLEEEEING.
 27107 | Vaults:2 | 27107 ||| FLEEEEING.
 27108 | Vaults:2 | 27108 ||| FLEEEEING.
 27109 | Vaults:2 | 27109 ||| FLEEEEING.
 27110 | Vaults:2 | 27110 ||| FLEEEEING.
 27116 | Vaults:2 | 27116 ||| FLEEEEING.
 27117 | Vaults:2 | 27117 ||| FLEEEEING.
 27118 | Vaults:2 | 27118 ||| FLEEEEING.
 27119 | Vaults:2 | 27119 ||| FLEEEEING.
 27120 | Vaults:2 | 27120 ||| FLEEEEING.
 27121 | Vaults:2 | 27121 ||| FLEEEEING.
 27122 | Vaults:2 | 27122 ||| FLEEEEING.
 27123 | Vaults:2 | 27123 ||| FLEEEEING.
 27134 | Vaults:2 | 27134 ||| FLEEEEING.
 27135 | Vaults:2 | 27135 ||| FLEEEEING.
 27635 | Vaults:2 | 27635 ||| UPGRADING to amulet of faith.
 27686 | Vaults:3 | Reached skill level 21 in Dodging
 27822 | Vaults:3 | 27822 ||| INVOKING Finesse.
 27825 | Vaults:3 | Reached XP level 19. HP: 187/187 MP: 19/25
 27992 | Vaults:3 | 27992 ||| INVOKING Heroism.
 27994 | Vaults:3 | 27994 ||| Stepping ~*~*~tactically~*~*~ (outnumbered).
 28075 | Vaults:3 | Found a staircase to the Crypt.
 28103 | Vaults:3 | Reached skill level 21 in Fighting
 28109 | Vaults:3 | Received a gift from Okawaru
 28151 | Vaults:3 | 28151 ||| FLEEEEING.
 28156 | Vaults:3 | 28156 ||| FLEEEEING.
 28160 | Vaults:3 | 28160 ||| FLEEEEING.
 28161 | Vaults:3 | 28161 ||| FLEEEEING.
 28162 | Vaults:3 | 28162 ||| FLEEEEING.
 28174 | Vaults:3 | 28174 ||| FLEEEEING.
 28176 | Vaults:3 | 28176 ||| FLEEEEING.
 28181 | Vaults:3 | 28181 ||| FLEEEEING.
 28182 | Vaults:3 | 28182 ||| FLEEEEING.
 28183 | Vaults:3 | 28183 ||| FLEEEEING.
 28184 | Vaults:3 | 28184 ||| FLEEEEING.
 28185 | Vaults:3 | 28185 ||| FLEEEEING.
 28186 | Vaults:3 | 28186 ||| FLEEEEING.
 28187 | Vaults:3 | 28187 ||| FLEEEEING.
 28188 | Vaults:3 | 28188 ||| FLEEEEING.
 28189 | Vaults:3 | 28189 ||| FLEEEEING.
 28190 | Vaults:3 | 28190 ||| FLEEEEING.
 28191 | Vaults:3 | 28191 ||| FLEEEEING.
 28192 | Vaults:3 | 28192 ||| FLEEEEING.
 28193 | Vaults:3 | 28193 ||| FLEEEEING.
 28194 | Vaults:3 | 28194 ||| FLEEEEING.
 28195 | Vaults:3 | 28195 ||| FLEEEEING.
 28196 | Vaults:3 | 28196 ||| FLEEEEING.
 28197 | Vaults:3 | 28197 ||| FLEEEEING.
 28198 | Vaults:3 | 28198 ||| FLEEEEING.
 28199 | Vaults:3 | 28199 ||| FLEEEEING.
 28200 | Vaults:3 | 28200 ||| FLEEEEING.
 28201 | Vaults:3 | 28201 ||| FLEEEEING.
 28202 | Vaults:3 | 28202 ||| FLEEEEING.
 28203 | Vaults:3 | 28203 ||| FLEEEEING.
 28204 | Vaults:3 | 28204 ||| FLEEEEING.
 28934 | Vaults:3 | 28934 ||| INVOKING Heroism.
 28935 | Vaults:3 | 28935 ||| INVOKING Finesse.
 28996 | Vaults:3 | 28996 ||| READING 31 scrolls of identify.
 28996 | Vaults:3 | 28996 ||| IDENTIFYING green potion
 29171 | Vaults:4 | Found Hepashriri's Weapon Shop.
 29171 | Vaults:4 | Noticed a golden dragon
 29172 | Vaults:4 | 29172 ||| Stepping ~*~*~tactically~*~*~ (outnumbered).
 29173 | Vaults:4 | 29173 ||| Stepping ~*~*~tactically~*~*~ (outnumbered).
 29175 | Vaults:4 | 29175 ||| Stepping ~*~*~tactically~*~*~ (outnumbered).
 29177 | Vaults:4 | 29177 ||| Stepping ~*~*~tactically~*~*~ (outnumbered).
 29192 | Vaults:4 | 29192 ||| INVOKING Heroism.
 29193 | Vaults:4 | 29193 ||| INVOKING Finesse.
 29200 | Vaults:4 | Killed a golden dragon
 29338 | Vaults:4 | Noticed an ancient lich
 29343 | Vaults:4 | 29343 ||| INVOKING Heroism.
 29352 | Vaults:4 | Killed an ancient lich
 29508 | Vaults:4 | Found Ybocovio's Distillery.
 29514 | Vaults:4 | Identified the +2 morningstar of Salt {flame, +Blink rC+++
                  | SInv Stlth-}
 29524 | Vaults:4 | 29524 ||| BUYING potion of cancellation (112 gold).
 29524 | Vaults:4 | Bought a potion of cancellation for 112 gold pieces
 29524 | Vaults:4 | 29524 ||| BUYING potion of curing (42 gold).
 29524 | Vaults:4 | Bought a potion of curing for 42 gold pieces
 29524 | Vaults:4 | 29524 ||| BUYING potion of curing (42 gold).
 29524 | Vaults:4 | Bought a potion of curing for 42 gold pieces
 29524 | Vaults:4 | 29524 ||| BUYING potion of heal wounds (70 gold).
 29524 | Vaults:4 | Bought a potion of heal wounds for 70 gold pieces
 29524 | Vaults:4 | 29524 ||| BUYING potion of might (56 gold).
 29524 | Vaults:4 | Bought a potion of might for 56 gold pieces
 29524 | Vaults:4 | 29524 ||| BUYING potion of might (56 gold).
 29524 | Vaults:4 | Bought a potion of might for 56 gold pieces
 29708 | Vaults:4 | 29708 ||| Stepping ~*~*~tactically~*~*~ (outnumbered).
 29732 | Vaults:4 | 29732 ||| FLEEEEING.
 29733 | Vaults:4 | 29733 ||| FLEEEEING.
 29734 | Vaults:4 | 29734 ||| FLEEEEING.
 29735 | Vaults:4 | 29735 ||| FLEEEEING.
 29736 | Vaults:4 | 29736 ||| FLEEEEING.
 30125 | Vaults:4 | 30125 ||| Stepping ~*~*~tactically~*~*~ (outnumbered).
 30127 | Vaults:4 | 30127 ||| Stepping ~*~*~tactically~*~*~ (outnumbered).
 30128 | Vaults:4 | 30128 ||| INVOKING Heroism.
 30129 | Vaults:4 | 30129 ||| INVOKING Finesse.
 30184 | Vaults:4 | 30184 ||| PLANNING SPIDER:4
 30184 | Vaults:4 | 30184 ||| DROPPING +3 ring mail.
 30185 | Vaults:4 | 30185 ||| UPGRADING to ring of the Hare {EV+10}.
 30187 | Vaults:4 | 30187 ||| DROPPING +6 ring of strength.
 30188 | Vaults:4 | 30188 ||| DROPPING +6 ring of dexterity.
 30540 | Spider:4 | Entered Level 4 of the Spider Nest
 30558 | Spider:4 | 30558 ||| FLEEEEING.
 30715 | Spider:4 | 30715 ||| FLEEEEING.
 30716 | Spider:4 | 30716 ||| FLEEEEING.
 30717 | Spider:4 | 30717 ||| FLEEEEING.
 30719 | Spider:4 | 30719 ||| FLEEEEING.
 30721 | Spider:4 | 30721 ||| FLEEEEING.
 30722 | Spider:4 | 30722 ||| FLEEEEING.
 30724 | Spider:4 | 30724 ||| FLEEEEING.
 30725 | Spider:4 | 30725 ||| FLEEEEING.
 30863 | Spider:4 | 30863 ||| INVOKING Heroism.
 30876 | Spider:4 | 30876 ||| Stepping ~*~*~tactically~*~*~ (outnumbered).
 30883 | Spider:4 | Received a gift from Okawaru
 31012 | Spider:4 | 31012 ||| INVOKING Heroism.
 31018 | Spider:4 | Reached skill level 22 in Fighting
 31199 | Spider:4 | 31199 ||| INVOKING Heroism.
 31209 | Spider:4 | 31209 ||| DRINKING 3 potions of resistance.
 31448 | Spider:4 | Got a gossamer rune of Zot
 31467 | Spider:4 | 31467 ||| INVOKING Heroism.
 31807 | Spider:4 | 31807 ||| PLANNING DEPTHS
 31807 | Spider:4 | 31807 ||| DROPPING scarf of repulsion.
 32089 | Depths:1 | Entered Level 1 of the Depths
 32119 | Depths:1 | Reached XP level 20. HP: 202/202 MP: 26/26
 32221 | Depths:1 | Noticed Saint Roka
 32234 | Depths:1 | Killed Saint Roka
 32234 | Depths:1 | Received a gift from Okawaru
 32235 | Depths:1 | Reached skill level 23 in Fighting
 32235 | Depths:1 | 32235 ||| FLEEEEING.
 32236 | Depths:1 | 32236 ||| FLEEEEING.
 32237 | Depths:1 | 32237 ||| FLEEEEING.
 32238 | Depths:1 | 32238 ||| FLEEEEING.
 32239 | Depths:1 | 32239 ||| FLEEEEING.
 32240 | Depths:1 | 32240 ||| FLEEEEING.
 32285 | Depths:1 | Found a broken altar of Ashenzari.
 32376 | Depths:1 | Found a gateway to Hell.
 32394 | Depths:1 | Noticed Nikola
 32402 | Depths:1 | 32402 ||| Stepping ~*~*~tactically~*~*~ (outnumbered).
 32404 | Depths:1 | 32404 ||| FLEEEEING.
 32405 | Depths:1 | 32405 ||| FLEEEEING.
 32406 | Depths:1 | 32406 ||| FLEEEEING.
 32408 | Depths:1 | 32408 ||| FLEEEEING.
 32409 | Depths:1 | 32409 ||| FLEEEEING.
 32410 | Depths:1 | 32410 ||| FLEEEEING.
 32418 | Depths:1 | 32418 ||| INVOKING Heroism.
 32419 | Depths:1 | HP: 16/203 [Nikola/arc of chain lightning (86)]
 32419 | Depths:1 | Killed Nikola
 32987 | Depths:1 | 32987 ||| INVOKING Heroism.
 32988 | Depths:1 | 32988 ||| INVOKING Finesse.
 33072 | Depths:1 | 33072 ||| INVOKING Heroism.
 33073 | Depths:1 | 33073 ||| INVOKING Finesse.
 33309 | Depths:1 | 33309 ||| READING scroll of enchant armour.
 33309 | Depths:1 | 33309 ||| ENCHANTING +3 swamp dragon scales.
 33494 | Depths:2 | 33494 ||| INVOKING Heroism.
 33495 | Depths:2 | 33495 ||| Stepping ~*~*~tactically~*~*~ (outnumbered).
 33499 | Depths:2 | 33499 ||| INVOKING Finesse.
 33637 | Depths:2 | Found a one-way gate leading to the halls of Pandemonium.
 33673 | Depths:2 | 33673 ||| INVOKING Heroism.
 33855 | Depths:2 | 33855 ||| INVOKING Finesse.
 33943 | Depths:2 | 33943 ||| INVOKING Heroism.
 33976 | Depths:2 | Found the +5 Lochaber axe {reach-cleave, Poleaxe Drain}
 33979 | Depths:2 | 33979 ||| Stepping ~*~*~tactically~*~*~ (outnumbered).
 33983 | Depths:2 | Identified the ring of Gutwytet {rN+ Int+6}
 33984 | Depths:2 | 33984 ||| INVOKING Heroism.
 33989 | Depths:2 | Reached skill level 24 in Fighting
 34106 | Depths:2 | 34106 ||| Stepping ~*~*~tactically~*~*~ (outnumbered).
 34108 | Depths:2 | 34108 ||| Stepping ~*~*~tactically~*~*~ (outnumbered).
 34110 | Depths:2 | 34110 ||| INVOKING Heroism.
 34111 | Depths:2 | 34111 ||| INVOKING Finesse.
 34118 | Depths:2 | 34118 ||| Stepping ~*~*~tactically~*~*~ (outnumbered).
 34179 | Depths:2 | Reached skill level 18 in Armour
 34259 | Depths:2 | Received a gift from Okawaru
 34344 | Depths:2 | 34344 ||| Stepping ~*~*~tactically~*~*~ (outnumbered).
 34345 | Depths:2 | 34345 ||| Stepping ~*~*~tactically~*~*~ (outnumbered).
 34471 | Depths:2 | 34471 ||| INVOKING Heroism.
 34472 | Depths:2 | 34472 ||| INVOKING Finesse.
 34750 | Depths:2 | 34750 ||| DRINKING 4 potions of resistance.
 34756 | Depths:2 | 34756 ||| INVOKING Finesse.
 34871 | Depths:2 | 34871 ||| INVOKING Heroism.
 34872 | Depths:2 | 34872 ||| INVOKING Finesse.
 34875 | Depths:2 | Reached skill level 25 in Fighting
 35068 | Depths:2 | 35068 ||| DRINKING 3 potions of resistance.
 35071 | Depths:2 | Noticed a caustic shrike
 35072 | Depths:2 | 35072 ||| INVOKING Heroism.
 35073 | Depths:2 | 35073 ||| INVOKING Finesse.
 35074 | Depths:2 | 35074 ||| Stepping ~*~*~tactically~*~*~ (outnumbered).
 35080 | Depths:2 | Killed a caustic shrike
 35131 | Depths:2 | Reached XP level 21. HP: 217/217 MP: 27/27
 35135 | Depths:2 | 35135 ||| INVOKING Heroism.
 35159 | Depths:2 | 35159 ||| DRINKING 2 potions of resistance.
 35291 | Depths:2 | Identified the +5 war axe "Orerous" {protect, Int+3}
 35391 | Depths:2 | 35391 ||| INVOKING Heroism.
 35482 | Depths:3 | 35482 ||| INVOKING Heroism.
 35483 | Depths:3 | 35483 ||| INVOKING Finesse.
 35484 | Depths:3 | 35484 ||| INVOKING Finesse.
 35563 | Depths:3 | 35563 ||| INVOKING Heroism.
 35616 | Depths:3 | 35616 ||| INVOKING Finesse.
 35662 | Depths:3 | 35662 ||| INVOKING Heroism.
 35846 | Depths:3 | 35846 ||| INVOKING Finesse.
 35884 | Depths:3 | 35884 ||| DRINKING 19 potions of curing.
 35884 | Depths:3 | 35884 ||| (to cure confusion)
 36012 | Depths:3 | Found a one-way gate to the infinite horrors of the Abyss.
 36205 | Depths:3 | 36205 ||| INVOKING Finesse.
 36310 | Depths:3 | Reached skill level 26 in Fighting
 36455 | Depths:3 | 36455 ||| Stepping ~*~*~tactically~*~*~ (outnumbered).
 36456 | Depths:3 | 36456 ||| INVOKING Heroism.
 36457 | Depths:3 | 36457 ||| Stepping ~*~*~tactically~*~*~ (outnumbered).
 36468 | Depths:3 | 36468 ||| INVOKING Finesse.
 36471 | Depths:3 | 36471 ||| Stepping ~*~*~tactically~*~*~ (outnumbered).
 36472 | Depths:3 | 36472 ||| DRINKING 7 potions of cancellation.
 36480 | Depths:3 | 36480 ||| Stepping ~*~*~tactically~*~*~ (outnumbered).
 36599 | Depths:3 | 36599 ||| INVOKING Finesse.
 36639 | Depths:3 | 36639 ||| INVOKING Heroism.
 36640 | Depths:3 | 36640 ||| INVOKING Finesse.
 36777 | Depths:3 | 36777 ||| INVOKING Heroism.
 36864 | Depths:3 | 36864 ||| INVOKING Heroism.
 36887 | Depths:3 | 36887 ||| DROPPING scarf of shadows.
 36912 | Depths:4 | Entered Level 4 of the Depths
 37033 | Depths:4 | Found a one-way gateway to a ziggurat.
 37035 | Depths:4 | 37035 ||| INVOKING Heroism.
 37070 | Depths:4 | Received a gift from Okawaru
 37110 | Depths:4 | 37110 ||| INVOKING Finesse.
 37170 | Depths:4 | 37170 ||| INVOKING Heroism.
 37448 | Depths:4 | 37448 ||| INVOKING Heroism.
 37517 | Depths:4 | Found a gate to the Realm of Zot.
 37530 | Depths:4 | 37530 ||| FLEEEEING.
 37531 | Depths:4 | 37531 ||| FLEEEEING.
 37532 | Depths:4 | 37532 ||| FLEEEEING.
 37533 | Depths:4 | 37533 ||| FLEEEEING.
 37534 | Depths:4 | 37534 ||| FLEEEEING.
 37535 | Depths:4 | 37535 ||| FLEEEEING.
 37536 | Depths:4 | 37536 ||| FLEEEEING.
 37537 | Depths:4 | 37537 ||| FLEEEEING.
 37538 | Depths:4 | 37538 ||| FLEEEEING.
 37539 | Depths:4 | 37539 ||| FLEEEEING.
 37540 | Depths:4 | 37540 ||| FLEEEEING.
 37541 | Depths:4 | 37541 ||| FLEEEEING.
 37543 | Depths:4 | 37543 ||| FLEEEEING.
 37559 | Depths:4 | 37559 ||| FLEEEEING.
 37584 | Depths:4 | Reached skill level 27 in Fighting
 37644 | Depths:4 | 37644 ||| Stepping ~*~*~tactically~*~*~ (cloud).
 37645 | Depths:4 | 37645 ||| FLEEEEING.
 37646 | Depths:4 | 37646 ||| FLEEEEING.
 37647 | Depths:4 | 37647 ||| INVOKING Heroism.
 37808 | Depths:4 | 37808 ||| INVOKING Heroism.
 37809 | Depths:4 | 37809 ||| INVOKING Finesse.
 38017 | Depths:4 | Found Ytziob's Weapon Shop.
 38024 | Depths:4 | 38024 ||| INVOKING Heroism.
 38100 | Depths:4 | 38100 ||| DRINKING potion of resistance.
 38218 | Depths:4 | 38218 ||| INVOKING Heroism.
 38222 | Depths:4 | Received a gift from Okawaru
 38385 | Depths:4 | 38385 ||| PLANNING VAULTS:5
 38700 | Vaults:5 | Entered Level 5 of the Vaults
 38703 | Vaults:5 | 38703 ||| INVOKING Heroism.
 38707 | Vaults:5 | Noticed an ancient lich
 38732 | Vaults:5 | Noticed a dread lich
 38735 | Vaults:5 | Killed an ancient lich
 38739 | Vaults:5 | HP: 41/224 [vault guard/+3 battleaxe of electrocution (17)]
 38740 | Vaults:5 | 38740 ||| READING 16 scrolls of teleportation.
 38741 | Vaults:5 | 38741 ||| DRINKING 8 potions of heal wounds.
 38742 | Vaults:5 | 38742 ||| DRINKING 7 potions of heal wounds.
 38743 | Vaults:5 | 38743 ||| DRINKING 6 potions of heal wounds.
 38744 | Vaults:5 | HP: 49/224 [red very ugly thing (11)]
 38745 | Vaults:5 | 38745 ||| DRINKING 5 potions of heal wounds.
 38808 | Vaults:5 | 38808 ||| INVOKING Heroism.
 38830 | Vaults:5 | Reached XP level 22. HP: 120/233 MP: 29/29
 38861 | Vaults:5 | 38861 ||| INVOKING Finesse.
 38875 | Vaults:5 | 38875 ||| INVOKING Heroism.
 38933 | Vaults:5 | 38933 ||| INVOKING Heroism.
 39045 | Vaults:5 | 39045 ||| INVOKING Heroism.
 39085 | Vaults:5 | 39085 ||| INVOKING Heroism.
 39094 | Vaults:5 | Reached skill level 21 in Armour
 39281 | Vaults:5 | 39281 ||| INVOKING Heroism.
 39293 | Vaults:5 | HP: 57/233 [deep elf high priest/arrow (4)]
 39294 | Vaults:5 | 39294 ||| READING 15 scrolls of teleportation.
 39295 | Vaults:5 | 39295 ||| DRINKING 4 potions of heal wounds.
 39300 | Vaults:5 | 39300 ||| INVOKING Finesse.
 39321 | Vaults:5 | Killed a dread lich
 39393 | Vaults:5 | 39393 ||| INVOKING Heroism.
 39459 | Vaults:5 | 39459 ||| INVOKING Heroism.
 39500 | Vaults:5 | 39500 ||| INVOKING Heroism.
 39529 | Vaults:5 | 39529 ||| INVOKING Finesse.
 39570 | Vaults:5 | 39570 ||| Stepping ~*~*~tactically~*~*~ (outnumbered).
 39583 | Vaults:5 | Reached skill level 21 in Ranged Weapons
 39587 | Vaults:5 | HP: 38/233 [vault warden/+1 long sword of protection (26)]
 39588 | Vaults:5 | 39588 ||| READING 14 scrolls of teleportation.
 39589 | Vaults:5 | 39589 ||| DRINKING 3 potions of heal wounds.
 39606 | Vaults:5 | Identified the +5 rapier "Dutoepek" {drain, rPois rF+
                  | Dex+2}
 39607 | Vaults:5 | 39607 ||| INVOKING Heroism.
 39623 | Vaults:5 | 39623 ||| INVOKING Heroism.
 39896 | Vaults:5 | 39896 ||| INVOKING Heroism.
 39897 | Vaults:5 | 39897 ||| INVOKING Finesse.
 40119 | Vaults:5 | 40119 ||| FLEEEEING.
 40120 | Vaults:5 | 40120 ||| FLEEEEING.
 40121 | Vaults:5 | 40121 ||| FLEEEEING.
 40122 | Vaults:5 | 40122 ||| FLEEEEING.
 40123 | Vaults:5 | 40123 ||| FLEEEEING.
 40124 | Vaults:5 | 40124 ||| FLEEEEING.
 40124 | Vaults:5 | Identified the +4 shortbow of Ylaewois {freeze, rC+ Stlth+}
 40133 | Vaults:5 | Identified the +7 orcbow of Change {speed, +Blink rPois
                  | rF-} (Okawaru gifted it to you on level 5 of the Vaults)
 40133 | Vaults:5 | Received a gift from Okawaru
 40514 | Vaults:5 | Identified the +4 trident "Dochiasch" {freeze, rPois rF++
                  | Int+4 Dex-4}
 40702 | Vaults:5 | Found the +3 warlock's mirror {omnireflect}
 40711 | Vaults:5 | Identified the +1 scale mail of Naepsumi {-Cast Harm Regen+
                  | Dex+3}
 40713 | Vaults:5 | Identified the +7 mace of the Living Dead {flame, rC+
                  | Stlth+}
 40896 | Vaults:5 | Got a silver rune of Zot
 40940 | Vaults:5 | Found Muitaec's General Store.
 40947 | Vaults:5 | 40947 ||| BUYING potion of mutation (104 gold).
 40947 | Vaults:5 | Bought a potion of mutation for 104 gold pieces
 40947 | Vaults:5 | 40947 ||| BUYING potion of mutation (104 gold).
 40947 | Vaults:5 | Bought a potion of mutation for 104 gold pieces
 41009 | Vaults:5 | 41009 ||| PLANNING SHOPPING SPREE
 41009 | Vaults:5 | 41009 ||| DROPPING scarf of invisibility.
 41303 | D:7      | 41303 ||| BUYING scroll of teleportation (48 gold).
 41303 | D:7      | Bought a scroll of teleportation for 48 gold pieces
 41303 | D:7      | 41303 ||| BUYING scroll of teleportation (48 gold).
 41303 | D:7      | Bought a scroll of teleportation for 48 gold pieces
 41303 | D:7      | 41303 ||| PLANNING ZOT:1-4
 41315 | D:7      | 41315 ||| SWAPPING to +8 longbow "Zephyr" {speed, Dex+3
                  | SInv}.
 41320 | D:7      | 41320 ||| UPGRADING to +3 leather armour of fire
                  | resistance.
 41624 | Zot:1    | Entered Level 1 of the Realm of Zot
 41631 | Zot:1    | 41631 ||| STAIRDANCE
 41832 | Zot:1    | 41832 ||| STAIRDANCE
 41916 | Zot:1    | 41916 ||| STAIRDANCE
 41964 | Zot:1    | 41964 ||| STAIRDANCE
 42051 | Zot:1    | 42051 ||| INVOKING Heroism.
 42065 | Zot:1    | 42065 ||| DRINKING 21 potions of curing.
 42065 | Zot:1    | 42065 ||| (to cure bad poison)
 42068 | Zot:1    | 42068 ||| INVOKING Finesse.
 42076 | Zot:1    | 42076 ||| STAIRDANCE
 42351 | Zot:1    | 42351 ||| INVOKING Heroism.
 42361 | Zot:1    | 42361 ||| DRINKING 20 potions of curing.
 42361 | Zot:1    | 42361 ||| (to cure bad poison)
 42364 | Zot:1    | 42364 ||| Stepping ~*~*~tactically~*~*~ (cloud).
 42365 | Zot:1    | 42365 ||| DRINKING 19 potions of curing.
 42365 | Zot:1    | 42365 ||| (to cure bad poison)
 42368 | Zot:1    | 42368 ||| Stepping ~*~*~tactically~*~*~ (cloud).
 42376 | Zot:1    | HP: 56/233 [poison (poison gas)]
 42377 | Zot:1    | 42377 ||| READING 15 scrolls of teleportation.
 42378 | Zot:1    | 42378 ||| DRINKING 3 potions of heal wounds.
 42381 | Zot:1    | 42381 ||| DRINKING 2 potions of heal wounds.
 42386 | Zot:1    | 42386 ||| FLEEEEING.
 42387 | Zot:1    | 42387 ||| STAIRDANCE
 42795 | Zot:1    | 42795 ||| INVOKING Heroism.
 42894 | Zot:1    | 42894 ||| INVOKING Heroism.
 43039 | Zot:1    | 43039 ||| INVOKING Heroism.
 43051 | Zot:1    | 43051 ||| Stepping ~*~*~tactically~*~*~ (outnumbered).
 43067 | Zot:1    | Reached skill level 12 in Invocations
 43094 | Zot:1    | Reached XP level 23. HP: 240/240 MP: 31/31
 43153 | Zot:1    | 43153 ||| Stepping ~*~*~tactically~*~*~ (outnumbered).
 43164 | Zot:1    | 43164 ||| Stepping ~*~*~tactically~*~*~ (outnumbered).
 43165 | Zot:1    | 43165 ||| Stepping ~*~*~tactically~*~*~ (outnumbered).
 43167 | Zot:1    | 43167 ||| Stepping ~*~*~tactically~*~*~ (outnumbered).
 43176 | Zot:1    | 43176 ||| Stepping ~*~*~tactically~*~*~ (outnumbered).
 43185 | Zot:1    | 43185 ||| Stepping ~*~*~tactically~*~*~ (outnumbered).
 43191 | Zot:1    | 43191 ||| INVOKING Heroism.
 43288 | Zot:1    | 43288 ||| Stepping ~*~*~tactically~*~*~ (outnumbered).
 43289 | Zot:1    | 43289 ||| Stepping ~*~*~tactically~*~*~ (outnumbered).
 43308 | Zot:1    | 43308 ||| Stepping ~*~*~tactically~*~*~ (outnumbered).
 43324 | Zot:1    | 43324 ||| INVOKING Heroism.
 43357 | Zot:1    | HP: 57/240 [black draconian knight/+0 bardiche (7)]
 43358 | Zot:1    | 43358 ||| READING 14 scrolls of teleportation.
 43359 | Zot:1    | 43359 ||| DRINKING potion of heal wounds.
 43371 | Zot:1    | 43371 ||| Stepping ~*~*~tactically~*~*~ (outnumbered).
 43636 | Zot:1    | 43636 ||| INVOKING Heroism.
 43648 | Zot:1    | 43648 ||| INVOKING Finesse.
 43652 | Zot:1    | 43652 ||| Stepping ~*~*~tactically~*~*~ (outnumbered).
 43659 | Zot:1    | 43659 ||| Stepping ~*~*~tactically~*~*~ (outnumbered).
 43661 | Zot:1    | 43661 ||| INVOKING Heroism.
 43688 | Zot:1    | 43688 ||| DRINKING 18 potions of curing.
 43688 | Zot:1    | 43688 ||| (to cure bad poison)
 43694 | Zot:1    | 43694 ||| DRINKING 17 potions of curing.
 43694 | Zot:1    | 43694 ||| (to cure bad poison)
 43707 | Zot:1    | 43707 ||| DRINKING 16 potions of curing.
 43707 | Zot:1    | 43707 ||| (to cure bad poison)
 43709 | Zot:1    | 43709 ||| Stepping ~*~*~tactically~*~*~ (cloud).
 44068 | Zot:2    | 44068 ||| INVOKING Heroism.
 44122 | Zot:2    | 44122 ||| Stepping ~*~*~tactically~*~*~ (cloud).
 44223 | Zot:2    | 44223 ||| INVOKING Heroism.
 44462 | Zot:2    | 44462 ||| INVOKING Heroism.
 44463 | Zot:2    | 44463 ||| INVOKING Finesse.
 44490 | Zot:2    | Noticed an orb of fire
 44514 | Zot:2    | Killed an orb of fire
 44529 | Zot:2    | 44529 ||| INVOKING Heroism.
 44629 | Zot:2    | You are sucked into a shaft and drop 1 floor!
 44629 | Zot:3    | Noticed a curse toe
 44630 | Zot:3    | 44630 ||| INVOKING Heroism.
 44634 | Zot:3    | Killed a curse toe
 44642 | Zot:3    | Reached skill level 15 in Invocations
 44650 | Zot:3    | HP: 56/240 [something (5)]
 44651 | Zot:3    | 44651 ||| READING 13 scrolls of teleportation.
 44653 | Zot:3    | 44653 ||| Stepping ~*~*~tactically~*~*~ (cloud).
 44664 | Zot:3    | Noticed a curse toe
 44669 | Zot:3    | 44669 ||| READING 12 scrolls of teleportation.
 44670 | Zot:3    | Killed a curse toe
 44679 | Zot:3    | Found a transporter.
 44679 | Zot:3    | Found a transporter.
 44680 | Zot:3    | 44680 ||| READING 11 scrolls of teleportation.
 44680 | Zot:3    | HP: 27/240 [moth of wrath (16)]
 44686 | Zot:3    | 44686 ||| Stepping ~*~*~tactically~*~*~ (outnumbered).
 44687 | Zot:3    | 44687 ||| INVOKING Heroism.
 44687 | Zot:3    | HP: 15/240 [green draconian/+0 mace (9)]
 44688 | Zot:3    | Mangled by an ice devil

Levels and vault maps discovered:
D:1:      reono_arrival_mine, layout_rooms, serial_shops,
          nicolae_shop_rolling_square, hangedman_decor_points
D:2:      kennysheep_six_static_rooms, layout_loops_corners,
          hellmonk_ecumenical_altar_arch_garden, uniq_terence, uniq_sigmund
D:3:      layout_basic, uniq_grinder
D:4:      layout_cave_pods, nicolae_hepliaklqana_hazy_memory,
          lemuel_crystal_altar, minmay_temple_entry_purple_smoke,
          enter_ossuary_4, gammafunk_ghost_smash, uniq_eustachio
D:5:      layout_cave_pools, okawaru_gym_becter, trog_book,
          cheibrodos_sewer_entry_sluice, gammafunk_ghost_gnarly_gnolls,
          uniq_prince_ribbit1, uniq_crazy_yiuf_cottage
D:6:      layout_basic, mainiacjoe_overflow_catwalk, serial_demonic,
          serial_demonic_f, serial_demonic_a, serial_demonic_e,
          serial_demonic_f, serial_demonic_f, serial_demonic_f, uniq_edmund
D:7:      minmay_razor_zed, layout_basic, led_sif_pool, serial_shops, shop,
          st_stairs_8
D:8:      layout_gridville, mainiacjoe_overflow_cross_hatched, serial_rivers,
          chequers_serial_rivers_large_a, chequers_serial_rivers_small_b,
          chequers_serial_rivers_room_a, chequers_serial_rivers_large_b,
          chequers_serial_rivers_micro_c, kennysheep_cross_room
D:9:      layout_roguey, uniq_grum, uniq_maurice, uniq_pikel
D:10:     layout_rooms, hellmonk_lair_entry_icy, david_orc_5
D:11:     layout_basic
D:12:     layout_basic
D:13:     layout_rooms, minivault_10, minmay_the_grid_2x2
          [minmay_the_grid_aliased_spiral, minmay_the_grid_all_tris,
          minmay_the_grid_minigrid_small_alt,
          minmay_the_grid_prize_four_corners], uniq_frances, uniq_rupert
D:14:     layout_roguey, erik_vaults_1, nicolae_concentric_dashed_squares_mild
D:15:     grunt_enter_depths_giant_problem, layout_basic, uniq_roxanne,
          uniq_nessos, uniq_louise
Temple:   eino_wide_crystal_templ
Lair:1:   dreamdust_labyrinth, layout_chaotic_city, minivault_11, uniq_erica
Lair:2:   layout_long_grid, minmay_swamp_entry_worms,
          hellmonk_spider_entry_life_and_decay, uniq_amaemon
Lair:3:   layout_cave_shapes, basic_altar, ebering_ghost_reflecting_pool,
          grunt_megastairs_5
Lair:4:   layout_regular_city, slime_entry_1
Lair:5:   evilmike_catoblepas_cave, layout_regular_city, serial_bayou_lagoon_a
Swamp:1:  layout_basic_swamp, hangedman_swamp_ruin_wall, uniq_kirke,
          uniq_josephine, uniq_aizul
Swamp:2:  layout_falls_marsh, infiniplex_staircase_pool
Swamp:3:  layout_basic_swamp, portal_ice_cave_entry_ice_statue_two,
          nicolae_swamp_bean_lake, swamp_pool1, cheibrodos_swamp_pet_leeches,
          uniq_bai_suzhen, uniq_mara
Swamp:4:  grunt_swamp_rune_castle, layout_basic_swamp
Spider:1: layout_spider_delve, uniq_agnes
Spider:2: layout_spider_delve, hangedman_spider_tarantella_strand,
          uniq_mlioglotl
Spider:3: layout_spider_delve, nicolae_spider_baby_got_redback
Spider:4: grunt_spider_rune_parallel
Orc:1:    layout_caves
Orc:2:    grunt_orc_tribal_feast, layout_diamond_mine, basic_altar
Vaults:1: v_misc_32, nicolae_vaults_wrenched, v_misc_12,
          nicolae_vaults_tetromino_Z_1, ontoclasm_vaults_decontamination,
          nicolae_vaults_turnstiles, nicolae_vaults_apartment_2,
          nicolae_vaults_two_Ls, vaults_room_door_ring,
          nicolae_vaults_tetromino_Z_1, nicolae_vaults_theta,
          nicolae_vaults_apartment_2, layout_vaults_chaotic_city, enter_trove_6
Vaults:2: gammafunk_ghost_grave, nicolae_vaults_house_3, vaults_mumra_hex,
          v_misc_8, nicolae_vaults_shipping_containers_5, nicolae_vaults_two_Ls,
          serial_ice_h, nicolae_vaults_house_3, v_pattern_1,
          layout_vaults_quadrants
Vaults:3: nicolae_vaults_angled_halls, nicolae_vaults_ring_of_whatevers,
          v_misc_18, v_alt_pattern_6, vaults_mumra_lcd, v_rooms_5,
          nicolae_vaults_statue_guard, minmay_crypt_entry_simple_corners,
          nicolae_vaults_tangram_2, nicolae_vaults_angled_halls,
          nicolae_vaults_tetromino_L_1, v_misc_29,
          nicolae_vaults_storage_room_water, nicolae_vaults_tetromino_L_1,
          layout_vaults_omnicross
Vaults:4: nicolae_vaults_house_1, hangedman_vaults_variations,
          dpeg_vaults_monster_box, hangedman_vaults_stagger, vaults_dpeg_doors,
          nicolae_vaults_ring_of_whatevers, nicolae_vaults_more_shelving_1,
          nicolae_vaults_apartment_1, ontoclasm_vaults_eye,
          nicolae_vaults_two_Ls, nicolae_vaults_security_offices_1,
          layout_vaults_omnibox, serial_shops, shop
Vaults:5
Depths:1: layout_gridlike, hell_entry,
          hangedman_abyss_or_decor_jellyfish_corner,
          nicolae_ashenzari_panopticon, uniq_nikola, uniq_saint_roka
Depths:2: nzn_winding_woodlands_large [nzn_winding_woodlands_5x5_default,
          nzn_winding_woodlands_5x15_pool, nzn_winding_woodlands_5x5_perimeter,
          nzn_winding_woodlands_center_lodge,
          nzn_winding_woodlands_15x15_boxy_spiral,
          nzn_winding_woodlands_center_pierced_h,
          nzn_winding_woodlands_5x5_three, nzn_winding_woodlands_5x15_default,
          nzn_winding_woodlands_5x5_cross], layout_gridville,
          rand_demon_pan_entry_1, lightli_too_deep, kennysheep_flooded_box,
          horrible_house_mu
Depths:3: minmay_concentric_multi, layout_honeycomb, abyss_entry, hell_entry
Depths:4: evilmike_zot_entry_argh, layout_honeycomb, enter_ziggurat_b,
          serial_shops, nicolae_shop_advertising_works
          [nicolae_subvault_shop_adworks], hangedman_geh_valley,
          abyss_entry_crystal
Zot:1:    layout_gridlike, grunt_ministairs_2
Zot:2:    layout_basic, uniq_vv
Zot:3:    gammafunk_sealed_arena, layout_cellular_growth

Skill      XL: |  1  2  3  4  5  6  7  8  9 10 11 12 13 14 15 16 17 18 19 20 21 22 23 |
---------------+----------------------------------------------------------------------+-----
Ranged Weapons | 3 4 6 9 10 12 14 15 16 18 19 20 22 | 22.0
Fighting       | 2 5 7 8 9 10 11 12 13 15 17 19 20 22 25 27 | 27.0
Armour         | 2 3 4 5 6 7 8 12 13 15 16 18 20 22 | 22.0
Dodging        | 3 5 6 7 9 11 13 16 17 19 21 22 | 22.0
Invocations    | 4 6 10 11 12 15 | 15.1
Spellcasting   | |  1.0
Hexes          | |  2.0

Action                     |  1- 3 |  4- 6 |  7- 9 | 10-12 | 13-15 | 16-18 | 19-21 | 22-24 || total
---------------------------+-------+-------+-------+-------+-------+-------+-------+-------++-------
   Fire: Sling             |   130 |    76 |       |       |       |       |       |       ||   206
         Triple crossbow   |       |    30 |   339 |   410 |    38 |       |       |       ||   817
         Longbow           |       |       |       |       |   984 |  1622 |  1483 |   962 ||  5051
 Invoke: Heroism           |       |       |     7 |    19 |    35 |    27 |    38 |    26 ||   152
         Finesse           |       |       |       |     2 |    12 |    17 |    21 |     7 ||    59
    Use: Scroll            |     3 |     5 |    14 |    11 |     4 |     4 |     3 |     7 ||    51
         Potion            |       |     1 |     5 |     1 |     3 |     5 |    11 |    11 ||    37
 Armour: Robe              |     7 |       |       |       |       |       |       |       ||     7
         Ring mail         |     5 |    15 |   134 |    74 |    14 |       |       |       ||   242
         Leather armour    |       |       |       |       |     1 |    44 |       |    20 ||    65
         Swamp dragon scal |       |       |       |       |       |   115 |    87 |    13 ||   215
  Dodge: Dodged            |    37 |    36 |   175 |   197 |   121 |   632 |   761 |   469 ||  2428

Table legend:
 A = Non-vault XP
 B = Vault XP
 C = Vault XP percentage of total XP
 D = Non-vault monster count
 E = Vault monster count
 F = Vault count percentage of total count
                 A         B        C        D         E       F
            +---------+---------+-------+---------+---------+-------
      Total |  545166 |  361080 |  39.8 |    1184 |     606 |  33.9
            +---------+---------+-------+---------+---------+-------
        D:1 |      41 |       0 |   0.0 |      22 |       0 |   0.0
        D:2 |      72 |     298 |  80.5 |      24 |       8 |  25.0
        D:3 |      47 |     267 |  85.0 |      15 |       1 |   6.2
        D:4 |     511 |     193 |  27.4 |      27 |       3 |  10.0
        D:5 |     558 |     293 |  34.4 |      19 |       4 |  17.4
        D:6 |     403 |     319 |  44.2 |      17 |      14 |  45.2
        D:7 |    1133 |    1142 |  50.2 |      22 |      13 |  37.1
        D:8 |    2738 |       0 |   0.0 |      34 |       0 |   0.0
        D:9 |    4145 |    1749 |  29.7 |      34 |       7 |  17.1
       D:10 |    3343 |    2380 |  41.6 |      16 |      29 |  64.4
       D:11 |    3706 |       0 |   0.0 |      23 |       0 |   0.0
       D:12 |    5357 |       0 |   0.0 |      23 |       0 |   0.0
       D:13 |    4223 |   12168 |  74.2 |       6 |      18 |  75.0
       D:14 |   11270 |    1654 |  12.8 |      21 |       2 |   8.7
       D:15 |   10880 |    4616 |  29.8 |      32 |       4 |  11.1
     Lair:1 |    5529 |     839 |  13.2 |      27 |       1 |   3.6
     Lair:2 |    8315 |    2759 |  24.9 |      31 |      10 |  24.4
     Lair:3 |    8848 |     346 |   3.8 |      32 |       2 |   5.9
     Lair:4 |    3192 |       0 |   0.0 |      12 |       0 |   0.0
     Lair:5 |    6884 |   12223 |  64.0 |      20 |      23 |  53.5
    Swamp:1 |    9396 |    5287 |  36.0 |      20 |      10 |  33.3
    Swamp:2 |   12724 |       0 |   0.0 |      24 |       0 |   0.0
    Swamp:3 |   15665 |    9195 |  37.0 |      31 |       7 |  18.4
    Swamp:4 |   12353 |   22544 |  64.6 |      24 |      33 |  57.9
   Spider:1 |   17320 |    1371 |   7.3 |      56 |       1 |   1.8
   Spider:2 |   30984 |    1986 |   6.0 |      83 |       2 |   2.4
   Spider:3 |   15456 |    2767 |  15.2 |      38 |      15 |  28.3
   Spider:4 |   12355 |   14972 |  54.8 |      23 |      36 |  61.0
      Orc:1 |    1604 |       0 |   0.0 |       8 |       0 |   0.0
      Orc:2 |    1931 |    7428 |  79.4 |      34 |      30 |  46.9
   Vaults:1 |   21951 |   10306 |  31.9 |      38 |      16 |  29.6
   Vaults:2 |   30026 |   15525 |  34.1 |      40 |      21 |  34.4
   Vaults:3 |   21487 |   15394 |  41.7 |      33 |      25 |  43.1
   Vaults:4 |   15415 |   26011 |  62.8 |      19 |      24 |  55.8
   Vaults:5 |    9622 |  100972 |  91.3 |      15 |      95 |  86.4
   Depths:1 |   19542 |    5221 |  21.1 |      21 |      10 |  32.3
   Depths:2 |   45765 |   47117 |  50.7 |      57 |      50 |  46.7
   Depths:3 |   31139 |   23783 |  43.3 |      35 |      20 |  36.4
   Depths:4 |   43443 |    7809 |  15.2 |      48 |       8 |  14.3
      Zot:1 |   60964 |    1612 |   2.6 |      51 |       1 |   1.9
      Zot:2 |   25819 |       0 |   0.0 |      20 |       0 |   0.0
      Zot:3 |    9010 |       0 |   0.0 |       9 |       0 |   0.0
      Sewer |       0 |     275 | 100.0 |       0 |      31 | 100.0
    Ossuary |       0 |     259 | 100.0 |       0 |      32 | 100.0
            +---------+---------+-------+---------+---------+-------
